Workbook
Name ASDF: #REF!
Name Bm.Periodos: '[1]Orçamento e Medição'!$Q$12:$AB$12
Name Bm.posAtual: IF(mediçao<N(Bm.Periodos),-1,MATCH(mediçao,Bm.Periodos)-1)
Name de: #REF!
Name dsadsd: 'MEDIÇÃO 01'!$A$1:$P$7
Name dsadsd: orçamento!$A$1:$H$7
Name DSFSFSD: 'MEDIÇÃO 01'!$1:$7
Name DSFSFSD: orçamento!$1:$7
Name éAcertoGlosa: SUM(Orç.éGlosado)
Name éAditadoDepois: COUNTIF(Orç.colAdit,">"&mediçao)
Name éAditadoNoPeríodo: COUNTIF(Orç.colAdit,mediçao)
Name eqwewqewqeqwe: 'MEDIÇÃO 01'!$1:$7
Name eqwewqewqeqwe: orçamento!$1:$7
Name FDSA: #N/A
Name fdsdsfadsfadsf: 'MEDIÇÃO 01'!$1:$7
Name fdsdsfadsfadsf: orçamento!$1:$7
Name gghfdgds: 'MEDIÇÃO 01'!$1:$7
Name gghfdgds: orçamento!$1:$7
Name jkljj: 'MEDIÇÃO 01'!$A$1:$P$260
Name jkljj: orçamento!$A$1:$H$405
Name mediçao: [1]RESUMO!$M$2
Name Orç.colAcum: '[1]Orçamento e Medição'!$N$13:$N$51
Name Orç.colAdit: '[1]Orçamento e Medição'!$J$13:$J$51
Name Orç.éAditado: LEN(TRIM(Orç.colAdit))
Name Orç.éGlosado: IF(Orç.colAdit=mediçao,IF(ISNUMBER(Orç.colAcum),IF(Orç.colAcum-IF(ISNUMBER(Bm.colAtual),Bm.colAtual)>IF(Orç.quantLic<Orç.quant,Orç.quantLic,Orç.quant),1)))*1
Name Orç.quant: IF(Orç.éAditado*ISNUMBER(Orç.quantAlt),Orç.quantAlt,Orç.quantLic)
Name Orç.quantAlt: '[1]Orçamento e Medição'!$H$13:$H$51
Name Orç.quantLic: '[1]Orçamento e Medição'!$F$13:$F$51
Name reqferff: 'MEDIÇÃO 01'!$A$1:$P$260
Name reqferff: orçamento!$A$1:$H$405
Name Res.éAditadoDepois: COUNTIF(OFFSET(Orç.colAdit,Res.posInicio,,Res.posDelta,1),">"&mediçao)
Name Res.éAditadoNoPeriodo: COUNTIF(OFFSET(Orç.colAdit,Res.posInicio,,Res.posDelta,1),mediçao)
Name Res.posDelta: INDIRECT(ADDRESS(ROW(),16))
Name Res.posInicio: INDIRECT(ADDRESS(ROW(),15))
Name tabBM: '[1]Orçamento e Medição'!$Q$13:$AB$51
Name TipoContrato: #REF!
Name wqeqwe: 'MEDIÇÃO 01'!$1:$7
Name wqeqwe: orçamento!$1:$7

Sheet orçamento
A1: ESTADO DO ESPIRITO SANTO | E1: Planilha Orçamentária
A2: MUNICIPIO DE GUARAPARI
A3: OBJETO: | B3: CONSTRUÇÃO DO PRÉDIO ESCOLAR - CEMEI PORTAL CLUB | G3: ÁREA: | H3: 1434,21 m²
A4: CONTRATANTE: | B4: PREFEITURA MUNICIPAL DE GUARAPARI/ES | G4: DATA: | H4: 44314
A5: REFERENCIAS | B5: SINAPI 2021/01, IOPES 2021/01, ORSE 2021/01, SUDECAP 2021/01 E SETOP 2021/01. | G5: BDI: | H5: 0.2661
A7: Item | B7: Cod | C7: Referência | D7: Descrição do Serviço | E7: Unid. | F7: Quant. | G7: P. Unit. | H7: Total
A8: 1 | D8: SERVIÇOS PRELIMINARES
A9: 1.1 | D9: LIMPEZA DO TERRENO | J9: VALOR S/ BDI | L9: VALOR C/BDI
A10: 1.2 | B10: 10402 | C10: IOPES | D10: Raspagem e limpeza do terreno (manual) | E10: m² | F10: =INFRA!C122 -> 3094.93 | G10: =L10 -> 4.15 | H10: =IF(E10<>0,F10*G10,"") -> 12843.96 | J10: 3.28 | L10: =ROUND((J10*(1+$H$5)),2) -> 4.15
A11: 2 | D11: LOCAÇÃO | L11: =ROUND((J11*(1+$H$5)),2) -> 0
A12: 2.1 | B12: 10501 | C12: IOPES | D12: Locação de obra com gabarito de madeira | E12: m² | F12: =INFRA!C124 -> 1434.21 | G12: =L12 -> 9.55 | H12: =IF(E12<>0,F12*G12,"") -> 13696.706 | J12: 7.54 | L12: =ROUND((J12*(1+$H$5)),2) -> 9.55
A13: 3 | D13: INSTALAÇÃO DO CANTEIRO DE OBRAS | L13: =ROUND((J13*(1+$H$5)),2) -> 0
A14: 3.1 | D14: TAPUMES, BARRACÕES E COBERTURAS | L14: =ROUND((J14*(1+$H$5)),2) -> 0
A15: 3.1.1 | B15: 20305 | C15: IOPES | D15: Placa de obra nas dimensões de 2.0 x 4.0 m, padrão IOPES | E15: m² | F15: =2*4 -> 8 | G15: =L15 -> 307.09 | H15: =IF(E15<>0,F15*G15,"") -> 2456.72 | J15: 242.55 | L15: =ROUND((J15*(1+$H$5)),2) -> 307.09
A16: 3.1.2 | B16: 20350 | C16: IOPES | D16: Tapume Telha Metálica Ondulada em aço galvalume 0,50mm Branca h=2,20m, incl. montagem estr. mad. 8"x8", c/adesivo "IOPES" 60x60cm a cada 10m, incl. faixas pint. esmalte sint. cores azul c/ h=30cm e rosa c/ h=10cm (Reaproveitamento 2x) | E16: m | F16: =INFRA!B128 -> 53.66 | G16: =L16 -> 205.75 | H16: =IF(E16<>0,F16*G16,"") -> 11040.545 | J16: 162.51 | L16: =ROUND((J16*(1+$H$5)),2) -> 205.75
A17: 3.2 | D17: INSTALAÇÃO DO CANTEIRO DE OBRAS (UTILIZAÇÃO 2 VEZES), PROJETO PADRÃO LABOR - NR.18 (OBRAS COM PRAZO DE EXECUÇÃO DE 6 A 12 MESES) | L17: =ROUND((J17*(1+$H$5)),2) -> 0
A18: 3.2.1 | B18: 20702 | C18: IOPES | D18: Barracão para almoxarifado área de 10.90m2, de chapa de compensado de 12mm e pontalete 8x8cm, piso cimentado e cobertura de telhas de fibrocimento de 6mm, incl. ponto de luz, conf. projeto (1 utilização) | E18: m² | F18: 10.9 | G18: =L18 -> 506.57 | H18: =IF(E18<>0,F18*G18,"") -> 5521.613 | J18: 400.1 | L18: =ROUND((J18*(1+$H$5)),2) -> 506.57
A19: 3.2.2 | B19: 20810 | C19: IOPES | D19: Reservatório de poliestileno de 500 L, incl. suporte em madeira de 7x12cm e 5x7cm, elevado de 4m, conforme projeto (2 utilizações) | E19: und | F19: 1 | G19: =L19 -> 1320.16 | H19: =IF(E19<>0,F19*G19,"") -> 1320.16 | J19: 1042.7 | L19: =ROUND((J19*(1+$H$5)),2) -> 1320.16
A20: 3.2.3 | B20: 20812 | C20: IOPES | D20: Rede de água, com padrão de entrada d'água diâm. 3/4", conf. espec. CESAN, incl. tubos e conexões para alimentação, distribuição, extravasor e limpeza, cons. o padrão a 25m, conf. projeto (2 utilizações) | E20: m | F20: =INFRA!A131 -> 5 | G20: =L20 -> 31.59 | H20: =IF(E20<>0,F20*G20,"") -> 157.95 | J20: 24.95 | L20: =ROUND((J20*(1+$H$5)),2) -> 31.59
A21: 3.2.4 | B21: 20713 | C21: IOPES | D21: Rede de luz, incl. padrão entrada de energia trifás., cabo de ligação até barracões, quadro de distrib., disj. E chave de força (quando necessário), cons. 20m entre padrão entrada e QDG, conf. projeto (1 utilização) | E21: m | F21: 20 | G21: =L21 -> 626.62 | H21: =IF(E21<>0,F21*G21,"") -> 12532.4 | J21: 494.92 | L21: =ROUND((J21*(1+$H$5)),2) -> 626.62
A22: 3.2.5 | B22: 20704 | C22: IOPES | D22: Refeitório com paredes de chapa de compens. 12mm e pontaletes 8x8cm, piso ciment. e cob. de telhas fibroc. 6mm, incl. ponto de luz e cx. de inspeção (cons. 1.21 m2/func./turno), conf. projeto (1 utilização) | E22: m² | F22: 12 | G22: =L22 -> 408.52 | H22: =IF(E22<>0,F22*G22,"") -> 4902.24 | J22: 322.66 | L22: =ROUND((J22*(1+$H$5)),2) -> 408.52
A23: 3.2.6 | B23: 20706 | C23: IOPES | D23: Unidade de sanitário e vestiário de 20 a 40 func. área 25.40m2, paredes de chapa compens. 12mm e pontalete 8x8cm, piso cimentado, cobert. telha fibroc. 6mm, incl. inst. de luz e cx. de inspeção, conf. Projeto (1 utilização) | E23: und | F23: 1 | G23: =L23 -> 20293.87 | H23: =IF(E23<>0,F23*G23,"") -> 20293.87 | J23: 16028.65 | L23: =ROUND((J23*(1+$H$5)),2) -> 20293.87
A24: 3.2.7 | B24: 20714 | C24: IOPES | D24: Rede de esgoto, contendo fossa e filtro, inclusive tubos e conexões de ligação entre caixas, considerando distância de 25m, conforme projeto (1 utilização) | E24: m | F24: 25 | G24: =L24 -> 364.24 | H24: =IF(E24<>0,F24*G24,"") -> 9106 | J24: 287.69 | L24: =ROUND((J24*(1+$H$5)),2) -> 364.24
A25: 4 | D25: MOVIMENTAÇÃO DE TERRA | H25: =IF(E25<>0,F25*G25,"") | L25: =ROUND((J25*(1+$H$5)),2) -> 0
A26: 4.1 | D26: ESCAVAÇÃO | H26: =IF(E26<>0,F26*G26,"") | L26: =ROUND((J26*(1+$H$5)),2) -> 0
A27: 4.1.1 | B27: 030101 | C27: IOPES | D27: Escavação manual em material de 1a. categoria, até 1.50m de profundidade | E27: m³ | F27: =INFRA!W52 -> 194.1198 | G27: =L27 -> 53.99 | H27: =IF(E27<>0,F27*G27,"") -> 10480.528 | J27: 42.64 | L27: =ROUND((J27*(1+$H$5)),2) -> 53.99
A28: 4.1.2 | B28: 030119 | C28: IOPES | D28: Apiloamento do fundo de vala com maço de 30 a 60 kg | E28: m² | F28: =INFRA!X97 -> 160.326 | G28: =L28 -> 28.23 | H28: =IF(E28<>0,F28*G28,"") -> 4526.003 | J28: 22.3 | L28: =ROUND((J28*(1+$H$5)),2) -> 28.23
A29: 4.2 | D29: REATERRO E COMPACTAÇÃO | H29: =IF(E29<>0,F29*G29,"") | L29: =ROUND((J29*(1+$H$5)),2) -> 0
A30: 4.2.1 | B30: 030201 | C30: IOPES | D30: Reaterro apiloado de cavas de fundação, em camadas de 20cm | E30: m³ | F30: =INFRA!X80 -> 128.97913 | G30: =L30 -> 58.14 | H30: =IF(E30<>0,F30*G30,"") -> 7498.8467 | J30: 45.92 | L30: =ROUND((J30*(1+$H$5)),2) -> 58.14
A31: 4.2.2 | B31: 030210 | C31: IOPES | D31: Aterro compactado utilizando compactador de placa vibratória com reaproveitamento do material | E31: m³ | F31: =INFRA!AC80 -> 2202.5 | G31: =L31 -> 28.84 | H31: =IF(E31<>0,F31*G31,"") -> 63520.1 | J31: 22.78 | L31: =ROUND((J31*(1+$H$5)),2) -> 28.84
A32: 4.3 | D32: TRANSPORTES | H32: =IF(E32<>0,F32*G32,"") | L32: =ROUND((J32*(1+$H$5)),2) -> 0
A33: 4.3.1 | B33: 30304 | C33: IOPES | D33: Índice de preço para remoção de entulho decorrente da execução de obras (classe a CONAMA - NBR 10.004 - Classe II-B), incluindo aluguel da caçamba, carga, transporte e descraga em área licenciada. | E33: m³ | F33: =INFRA!X89 -> 84.682869 | G33: =L33 -> 67.45 | H33: =IF(E33<>0,F33*G33,"") -> 5711.8595 | J33: 53.27 | L33: =ROUND((J33*(1+$H$5)),2) -> 67.45
A34: 5 | D34: ESTRUTURAS | H34: =IF(E34<>0,F34*G34,"") | L34: =ROUND((J34*(1+$H$5)),2) -> 0
A35: 5.1 | D35: INFRA-ESTRUTURA (FUNDAÇÃO) | H35: =IF(E35<>0,F35*G35,"") | L35: =ROUND((J35*(1+$H$5)),2) -> 0
A36: 5.1.1 | B36: 040206 | C36: IOPES | D36: Fôrma de tábua de madeira de 2.5 x 30.0cm para fundações, levando-se em conta a utilização 5 vezes ( incluido o material, corte, montagem, escoramneto e desforma) | E36: m² | F36: =INFRA!W66 -> 543.13836 | G36: =L36 -> 76.98 | H36: =IF(E36<>0,F36*G36,"") -> 41810.791 | J36: 60.8 | L36: =ROUND((J36*(1+$H$5)),2) -> 76.98
A37: 5.1.2 | B37: 30203 | C37: IOPES | D37: Lastro de brita 3 e 4, apiloado manualmente | E37: m³ | F37: =INFRA!Y110 -> 8.0163 | G37: =L37 -> 178.32 | H37: =IF(E37<>0,F37*G37,"") -> 1429.4666 | J37: 140.84 | L37: =ROUND((J37*(1+$H$5)),2) -> 178.32
A38: 5.1.3 | B38: 040240 | C38: IOPES | D38: Fornecimento e aplicação de concreto USINADO Fck=25 MPa - considerando lançamento MANUAL para INFRA-ESTRUTURA (5% de perdas já incluido no custo) | E38: m³ | F38: =INFRA!W59 -> 68.397702 | G38: =L38 -> 553.32 | H38: =IF(E38<>0,F38*G38,"") -> 37845.816 | J38: 437.03 | L38: =ROUND((J38*(1+$H$5)),2) -> 553.32
A39: 5.1.4 | B39: 040243 | C39: IOPES | D39: Fornecimento, dobragem e colocação em fôrma, de armadura CA- 50A média, diâmetro de 6.3 a 10.0mm | E39: kg | F39: =SUPER!M8 -> 1378.22 | G39: =L39 -> 13.76 | H39: =IF(E39<>0,F39*G39,"") -> 18964.307 | J39: 10.87 | L39: =ROUND((J39*(1+$H$5)),2) -> 13.76
A40: 5.1.5 | B40: 040245 | C40: IOPES | D40: Fornecimento, dobragem e colocação em fôrma, de armadura CA- 50A grossa, diâmetro de 12.5 a 25.0mm ( 1/2 a 1") | E40: kg | F40: =SUPER!M9 -> 627.76 | G40: =L40 -> 13.79 | H40: =IF(E40<>0,F40*G40,"") -> 8656.8104 | J40: 10.89 | L40: =ROUND((J40*(1+$H$5)),2) -> 13.79
A41: 5.1.6 | B41: 040246 | C41: IOPES | D41: Fornecimento, dobragem e colocação em fôrma, de armadura CA- 60 B fina, diâmetro de 4.0 a 7.0mm | E41: kg | F41: =SUPER!M10 -> 842.67 | G41: =L41 -> 15.16 | H41: =IF(E41<>0,F41*G41,"") -> 12774.877 | J41: 11.97 | L41: =ROUND((J41*(1+$H$5)),2) -> 15.16
A42: 5.2 | D42: SUPER-ESTRUTURA | H42: =IF(E42<>0,F42*G42,"") | L42: =ROUND((J42*(1+$H$5)),2) -> 0
A43: 5.2.1 | B43: 040328 | C43: IOPES | D43: Fornecimento, dobragem e colocação em fôrma, de armadura CA- 50A média, diâmetro de 6.3 a 10.0mm | E43: kg | F43: =SUPER!M27 -> 3677.2348 | G43: =L43 -> 13.76 | H43: =IF(E43<>0,F43*G43,"") -> 50598.751 | J43: 10.87 | L43: =ROUND((J43*(1+$H$5)),2) -> 13.76
A44: 5.2.2 | B44: 040330 | C44: IOPES | D44: Fornecimento e aplicação de concreto USINADO Fck=25 MPa - considerandoBOMBEAMENTO (5% de perdas já incluido no custo) (6% de taxa p/concr. bombeavel) | E44: m³ | F44: =SUPER!M26 -> 254.262 | G44: =L44 -> 485.3 | H44: =IF(E44<>0,F44*G44,"") -> 123393.35 | J44: 383.3 | L44: =ROUND((J44*(1+$H$5)),2) -> 485.3
A45: 5.2.3 | B45: 040332 | C45: IOPES | D45: Fornecimento, dobragem e colocação em fôrma, de armadura CA- 50A grossa, diâmetro de 12.5 a 25.0mm | E45: kg | F45: =SUPER!M28 -> 31149.27 | G45: =L45 -> 13.79 | H45: =IF(E45<>0,F45*G45,"") -> 429548.43 | J45: 10.89 | L45: =ROUND((J45*(1+$H$5)),2) -> 13.79
A46: 5.2.4 | B46: 040333 | C46: IOPES | D46: Fornecimento, dobragem e colocação em fôrma, de armadura CA- 60 B fina, diâmetro de 4.0 a 7.0mm | E46: kg | F46: =SUPER!M29 -> 723.99216 | G46: =L46 -> 15.16 | H46: =IF(E46<>0,F46*G46,"") -> 10975.721 | J46: 11.97 | L46: =ROUND((J46*(1+$H$5)),2) -> 15.16
A47: 5.2.5 | B47: 40337 | C47: IOPES | D47: Fôrma de tábua de madeira de 2.5 x 30.0cm para fundações, levando-se em conta a utilização 5 vezes ( incluido o material, corte, montagem, escoras em eucalipto e desforma) | E47: m² | F47: =SUPER!M30 -> 738.3 | G47: =L47 -> 94.89 | H47: =IF(E47<>0,F47*G47,"") -> 70057.287 | J47: 74.95 | L47: =ROUND((J47*(1+$H$5)),2) -> 94.89
A48: 5.2.6 | B48: 92490 | C48: SINAPI | D48: Montagem e desmontagem de fôrma de laje nervurada com cubeta e assoalhão com area média maior que 20m², pé -direito simples, em chapa de madeira compensada resinada, 8 utilizações. | E48: m² | F48: =SUPER!C42 -> 1505.71 | G48: =L48 -> 47.63 | H48: =IF(E48<>0,F48*G48,"") -> 71716.967 | J48: 37.62 | L48: =ROUND((J48*(1+$H$5)),2) -> 47.63
A49: 5.2.7 | B49: 92490 | C49: SINAPI | D49: Montagem e desmontagem de fôrma de laje nervurada com cubeta e assoalhão com area média maior que 20m², pé -direito simples, em chapa de madeira compensada resinada, 8 utilizações. | E49: m² | F49: 752.86 | G49: =L49 -> 47.63 | H49: =IF(E49<>0,F49*G49,"") -> 35858.722 | J49: 37.62 | L49: =ROUND((J49*(1+$H$5)),2) -> 47.63
A50: 5.2.8 | B50: 040328 | C50: IOPES | D50: Fornecimento, dobragem e colocação em fôrma, de armadura CA- 50A média, diâmetro de 6.3 a 10.0mm | E50: kg | F50: =SUPER!M40 -> 2633.805 | G50: =L50 -> 13.76 | H50: =IF(E50<>0,F50*G50,"") -> 36241.157 | J50: 10.87 | L50: =ROUND((J50*(1+$H$5)),2) -> 13.76
A51: 5.2.9 | B51: 040330 | C51: IOPES | D51: Fornecimento e aplicação de concreto USINADO Fck=25 MPa - considerandoBOMBEAMENTO (5% de perdas já incluido no custo) (6% de taxa p/concr. bombeavel) | E51: m³ | F51: =SUPER!M37 -> 112.93 | G51: =L51 -> 485.3 | H51: =IF(E51<>0,F51*G51,"") -> 54804.929 | J51: 383.3 | L51: =ROUND((J51*(1+$H$5)),2) -> 485.3
A52: 5.2.10 | B52: 040332 | C52: IOPES | D52: Fornecimento, dobragem e colocação em fôrma, de armadura CA- 50A grossa, diâmetro de 12.5 a 25.0mm | E52: kg | F52: =SUPER!M41 -> 15057.945 | G52: =L52 -> 13.79 | H52: =IF(E52<>0,F52*G52,"") -> 207649.06 | J52: 10.89 | L52: =ROUND((J52*(1+$H$5)),2) -> 13.79
A53: 6 | D53: PAREDES E PAINÉIS | H53: =IF(E53<>0,F53*G53,"") | L53: =ROUND((J53*(1+$H$5)),2) -> 0
A54: 6.1 | D54: PLACAS E PAINÉIS DIVISÓRIOS | H54: =IF(E54<>0,F54*G54,"") | L54: =ROUND((J54*(1+$H$5)),2) -> 0
A55: 6.1.1 | B55: 12444 | C55: ORSE | D55: Divisória em granito branco siena, polido do dois lados, e= 2cm, inclusive montagem com ferragens.(ou equiv.) | E55: m² | F55: 21.72 | G55: =L55 -> 679.95 | H55: =IF(E55<>0,F55*G55,"") -> 14768.514 | J55: 537.04 | L55: =ROUND((J55*(1+$H$5)),2) -> 679.95
A56: 6.2 | D56: VERGAS/CONTRAVERGA | H56: =IF(E56<>0,F56*G56,"") | L56: =ROUND((J56*(1+$H$5)),2) -> 0
A57: 6.2.1 | B57: 050301 | C57: IOPES | D57: Verga/contraverga reta de concreto armado 10 x 5cm, fck = 15MPa, inclusive forma, armação e desforma | E57: m | F57: 255.2 | G57: =L57 -> 9.7 | H57: =IF(E57<>0,F57*G57,"") -> 2475.44 | J57: 7.66 | L57: =ROUND((J57*(1+$H$5)),2) -> 9.7
A58: 6.3 | D58: ALEVNARIA DE VEDAÇÃO EMPREGANDO ARGAMSSA DE CIMENTO, CAL E AREIA | H58: =IF(E58<>0,F58*G58,"") | L58: =ROUND((J58*(1+$H$5)),2) -> 0
A59: 6.3.1 | B59: 050606 | C59: IOPES | D59: Alvenaria de blocos cerâmicos 10 furos 10x20x20cm, assentados c/argamassa de cimento, cal hidratada CH1 e areia traço 1:0,5:8, esp. das juntas 12mm e esp. das paredes s/revestimento, 10 ( bloco comprado na fábrica, posto obra) | E59: m² | F59: 1651.28 | G59: =L59 -> 66.27 | H59: =IF(E59<>0,F59*G59,"") -> 109430.33 | J59: 52.34 | L59: =ROUND((J59*(1+$H$5)),2) -> 66.27
A60: 7 | D60: ESQUADRIAS DE MADEIRA | H60: =IF(E60<>0,F60*G60,"") | L60: =ROUND((J60*(1+$H$5)),2) -> 0
A61: 7.1 | D61: MARCOS E ALIZARES | H61: =IF(E61<>0,F61*G61,"") | L61: =ROUND((J61*(1+$H$5)),2) -> 0
A62: 7.1.1 | B62: 060103 | C62: IOPES | D62: Marco de madeira de lei de 1ª (peroba, Iê, Angeim Pedra ou equivalente) com 15x3 cm de batente, nas dimensões de 0.80 x 2.10 m) | E62: und | F62: 8 | G62: =L62 -> 317.85 | H62: =IF(E62<>0,F62*G62,"") -> 2542.8 | J62: 251.05 | L62: =ROUND((J62*(1+$H$5)),2) -> 317.85
A63: 7.1.2 | B63: 061902 | C63: IOPES | D63: Porta em madeira de lei tipo angelim Pedra ou equi.c/ enchimento em madeira de 1ª qualidade esp. 30mm, com visor de vidro, inclusive alizares, dobradiças e fechaduras externas em latão cromao La fonte/equiv. exclusive marco, nas dimensões 0.80 x 2.10 m | E63: und | F63: 8 | G63: =L63 -> 1024.65 | H63: =IF(E63<>0,F63*G63,"") -> 8197.2 | J63: 809.3 | L63: =ROUND((J63*(1+$H$5)),2) -> 1024.65
A64: 7.1.3 | B64: 1924 | C64: ORSE | D64: Revestimento com chapa em fórmica brilhante, esp = 1,3mm, colada c/ formicola ou similar | E64: m² | F64: 26.88 | G64: =L64 -> 85.58 | H64: =IF(E64<>0,F64*G64,"") -> 2300.3904 | J64: 67.59 | L64: =ROUND((J64*(1+$H$5)),2) -> 85.58
A65: 7.1.4 | B65: 3625 | C65: ORSE | D65: Porta em madeira compensada (canela), lisa, semi-ôca, (0.60 x 1.60 a 1.80m), revestida c/ fórmica, inclusive batentes e ferragens ( livre/ocupado) | E65: und | F65: 8 | G65: =L65 -> 1002.41 | H65: =IF(E65<>0,F65*G65,"") -> 8019.28 | J65: 791.73 | L65: =ROUND((J65*(1+$H$5)),2) -> 1002.41
A66: 7.1.5 | B66: 3764 | C66: ORSE | D66: Porta em madeira compensada (canela), lisa, semi-ôca, (0.80 x 2.10m), revestida c/ fórmica, inclusive batentes e ferragens ( livre/ocupado) | E66: und | F66: 6 | G66: =L66 -> 1130.84 | H66: =IF(E66<>0,F66*G66,"") -> 6785.04 | J66: 893.17 | L66: =ROUND((J66*(1+$H$5)),2) -> 1130.84
A67: 8 | D67: ESQUADRIAS METÁLICAS | H67: =IF(E67<>0,F67*G67,"") | L67: =ROUND((J67*(1+$H$5)),2) -> 0
A68: 8.1 | D68: ESQUADRIAS METÁLICAS (M²) | H68: =IF(E68<>0,F68*G68,"") | L68: =ROUND((J68*(1+$H$5)),2) -> 0
A69: 8.1.1 | B69: 071704 | C69: IOPES | D69: Porta de abrir tipo veneziana em alumínio anodizado, linha 25, completa, incl. puxador com tranca, caixilho, alizar e contramarco. | E69: m² | F69: 58.81 | G69: =L69 -> 910.76 | H69: =IF(E69<>0,F69*G69,"") -> 53561.796 | J69: 719.34 | L69: =ROUND((J69*(1+$H$5)),2) -> 910.76
A70: 8.1.2 | B70: 9074 | C70: ORSE | D70: Brise em perfil "C" de alumínio dobrado anodizado branco. | E70: m² | F70: 72.09 | G70: =L70 -> 431.73 | H70: =IF(E70<>0,F70*G70,"") -> 31123.416 | J70: 340.99 | L70: =ROUND((J70*(1+$H$5)),2) -> 431.73
A71: 9 | D71: VIDROS E ESPELHOS | H71: =IF(E71<>0,F71*G71,"") | L71: =ROUND((J71*(1+$H$5)),2) -> 0
A72: 9.1 | D72: VIDROS PARA ESQUADRIAS | H72: =IF(E72<>0,F72*G72,"") | L72: =ROUND((J72*(1+$H$5)),2) -> 0
A73: 9.1.1 | B73: 1884 | C73: ORSE | D73: Vidro temperado 8mm, liso, transparente, com ferragens | E73: m² | F73: 116.51 | G73: =L73 -> 360.67 | H73: =IF(E73<>0,F73*G73,"") -> 42021.662 | J73: 284.87 | L73: =ROUND((J73*(1+$H$5)),2) -> 360.67
A74: 9.1.2 | B74: 1885 | C74: ORSE | D74: Vidro temperado 10mm, liso transparente, com ferragens | E74: m² | F74: 76.62 | G74: =L74 -> 500.39 | H74: =IF(E74<>0,F74*G74,"") -> 38339.882 | J74: 395.22 | L74: =ROUND((J74*(1+$H$5)),2) -> 500.39
A75: 9.2 | D75: ESPELHOS | H75: =IF(E75<>0,F75*G75,"") | L75: =ROUND((J75*(1+$H$5)),2) -> 0
A76: 9.2.1 | B76: 080203 | C76: IOPES | D76: Espelho prata esp. 4mm, sobre caixa de compensado colado revestido com fórmica e fixado com parafuso cromado e bucha, dim. 1.80 x 0.40m, conforme detalhe em projeto | E76: m² | F76: 16 | G76: =L76 -> 552.8 | H76: =IF(E76<>0,F76*G76,"") -> 8844.8 | J76: 436.62 | L76: =ROUND((J76*(1+$H$5)),2) -> 552.8
A77: 10 | D77: COBERTURA | H77: =IF(E77<>0,F77*G77,"") | L77: =ROUND((J77*(1+$H$5)),2) -> 0
A78: 10.1 | D78: ESTRUTURA PARA TELHADO | H78: =IF(E78<>0,F78*G78,"") | L78: =ROUND((J78*(1+$H$5)),2) -> 0
A79: 10.1.1 | B79: 090102 | C79: IOPES | D79: Estrutura de madeira de lei tipo Paraju, peroba mica, angelim pedra ou equivalente para telhado de telha ondulada de fibrocimento esp. 6mm, com pontaleste e caibros, inclusive travamento com cupinicida, exclusive telhas | E79: m² | F79: 1110.8 | G79: =L79 -> 113.54 | H79: =IF(E79<>0,F79*G79,"") -> 126120.23 | J79: 89.68 | L79: =ROUND((J79*(1+$H$5)),2) -> 113.54
A80: 10.1.2 | B80: 73970 | C80: IOPES | D80: Estrutura metalica em aco estrtural perfil I 6 x 3 3/8 | E80: kg | F80: 938.52 | G80: =L80 -> 7.99 | H80: =IF(E80<>0,F80*G80,"") -> 7498.7748 | J80: 6.31 | L80: =ROUND((J80*(1+$H$5)),2) -> 7.99
A81: 10.2 | D81: TELHADO | H81: =IF(E81<>0,F81*G81,"") | L81: =ROUND((J81*(1+$H$5)),2) -> 0
A82: 10.2.1 | B82: 090202 | C82: IOPES | D82: Cobertura nova de telhas onduladas de fibrocimento 6.0mm, inclusive cumeeiras e acessórios de fixação | E82: m² | F82: 1110.8 | G82: =L82 -> 58.42 | H82: =IF(E82<>0,F82*G82,"") -> 64892.936 | J82: 46.14 | L82: =ROUND((J82*(1+$H$5)),2) -> 58.42
A83: 10.2.2 | B83: 3657 | C83: ORSE | D83: Vidro laminado 8mm (4+4mm), incolor | E83: m² | F83: 85.32 | G83: =L83 -> 888.84 | H83: =IF(E83<>0,F83*G83,"") -> 75835.829 | J83: 702.03 | L83: =ROUND((J83*(1+$H$5)),2) -> 888.84
A84: 10.2.3 | B84: 3388 | C84: ORSE | D84: Madeiramento em pau d'arco (pergolado) | E84: m³ | F84: 5.28 | G84: =L84 -> 9831.51 | H84: =IF(E84<>0,F84*G84,"") -> 51910.373 | J84: 7765.19 | L84: =ROUND((J84*(1+$H$5)),2) -> 9831.51
A85: 10.3 | D85: RUFOS E CALHAS | H85: =IF(E85<>0,F85*G85,"") | L85: =ROUND((J85*(1+$H$5)),2) -> 0
A86: 10.3.1 | B86: 090301 | C86: IOPES | D86: Rufo de concreto armado fck=15MPa, nas dimensões de 30x5 cm, moldado "in loco" | E86: m | F86: 68.1 | G86: =L86 -> 105.97 | H86: =IF(E86<>0,F86*G86,"") -> 7216.557 | J86: 83.7 | L86: =ROUND((J86*(1+$H$5)),2) -> 105.97
A87: 10.3.2 | B87: 090305 | C87: IOPES | D87: Calha de concreto armado fck=15MPA em ''U'' nas dimensões de 38x56 cm conforme detalhes em projeto | E87: m | F87: 65.12 | G87: =L87 -> 249.95 | H87: =IF(E87<>0,F87*G87,"") -> 16276.744 | J87: 197.42 | L87: =ROUND((J87*(1+$H$5)),2) -> 249.95
A88: 10.4 | D88: PLATIBANDA | H88: =IF(E88<>0,F88*G88,"") | L88: =ROUND((J88*(1+$H$5)),2) -> 0
A89: 10.4.1 | B89: 090403 | C89: IOPES | D89: Platibanda de alvenaria de bloco cerâmico 10x20x20cm, assentado com argamassa de cimneto, cal hidratada CH1 e areia no traço 1:0,5:8, amarrada com pilaretes em conc. arm. a cada 2m (H=1.0m), excl. revest. | E89: m | F89: 148.05 | G89: =L89 -> 128.78 | H89: =IF(E89<>0,F89*G89,"") -> 19065.879 | J89: 101.71 | L89: =ROUND((J89*(1+$H$5)),2) -> 128.78
A90: 10.4.2 | B90: 090404 | C90: IOPES | D90: Platibanda de alvenaria de bloco cerâmico 10x20x20cm, assentado com argamassa de cimneto, cal hidratada CH1 e areia no traço 1:0,5:8, amarrada com pilaretes em conc. arm. a cada 2m (H=1.7m), excl. revest. | E90: m | F90: 26.9 | G90: =L90 -> 218.92 | H90: =IF(E90<>0,F90*G90,"") -> 5888.948 | J90: =J89*(1.7) -> 172.907 | L90: =ROUND((J90*(1+$H$5)),2) -> 218.92
A91: 11 | D91: IMPERMEABILIZAÇÃO | H91: =IF(E91<>0,F91*G91,"") | L91: =ROUND((J91*(1+$H$5)),2) -> 0
A92: 11.1 | D92: IMPERMEABILIZAÇÃO CALHAS, LAJES DESCOBERTAS, BALDRAMES, PAREDES E JARDINEIRAS | H92: =IF(E92<>0,F92*G92,"") | L92: =ROUND((J92*(1+$H$5)),2) -> 0
A93: 11.1.1 | B93: 100203 | C93: IOPES | D93: Pintura impermeabilizante com igolflex ou equivalente a 3 demãos | E93: m² | F93: 87.42 | G93: =L93 -> 50.77 | H93: =IF(E93<>0,F93*G93,"") -> 4438.3134 | J93: 40.1 | L93: =ROUND((J93*(1+$H$5)),2) -> 50.77
A94: 11.1.2 | B94: 1969 | C94: ORSE | D94: Impermeabilização de alicerce e viga baldrame com 1 demão tinta asfáltica tipo Neutrol da Vedacit ou similar, inclusive argamassa impermeabilização esp=2cm | E94: m² | F94: =INFRA!X119 -> 507.98 | G94: =L94 -> 103.55 | H94: =IF(E94<>0,F94*G94,"") -> 52601.329 | J94: 81.79 | L94: =ROUND((J94*(1+$H$5)),2) -> 103.55
A95: 12 | D95: TETOS E FORROS | H95: =IF(E95<>0,F95*G95,"") | L95: =ROUND((J95*(1+$H$5)),2) -> 0
A96: 12.1 | D96: REBAIXAMENTOS | H96: =IF(E96<>0,F96*G96,"") | L96: =ROUND((J96*(1+$H$5)),2) -> 0
A97: 12.1.1 | B97: 110201 | C97: IOPES | D97: Forro de gesso acabamento tipo liso | E97: m² | F97: 1505.53 | G97: =L97 -> 43.05 | H97: =IF(E97<>0,F97*G97,"") -> 64813.066 | J97: 34 | L97: =ROUND((J97*(1+$H$5)),2) -> 43.05
A98: 12.1.2 | B98: 1951 | C98: ORSE | D98: Sanca ou cimalha em gesso I = 6cm | E98: m | F98: 925.73 | G98: =L98 -> 8.86 | H98: =IF(E98<>0,F98*G98,"") -> 8201.9678 | J98: 7 | L98: =ROUND((J98*(1+$H$5)),2) -> 8.86
A99: 12.2 | D99: ACABAMENTOS | H99: =IF(E99<>0,F99*G99,"") | L99: =ROUND((J99*(1+$H$5)),2) -> 0
A100: 12.2.1 | B100: 10994 | C100: ORSE | D100: Revestimento cerâmico para piso ou parede, 32 x 66 cm, pei 3, Elizabeth, porcelanato, retificado, linha nevada acetinada ou similar, aplicado com argamassa industrializada ac-iii, rejunte acrílico, exclusive regularização de base ou emboço | E100: m² | F100: 640.66 | G100: =L100 -> 92.26 | H100: =IF(E100<>0,F100*G100,"") -> 59107.292 | J100: 72.87 | L100: =ROUND((J100*(1+$H$5)),2) -> 92.26
A101: 12.2.2 | B101: 130233 | C101: IOPES | D101: Porcelanato polido, acabamento acetinado, dim. 60x60cm, ref. Potobello/equiv., utilizndo dupla colagem de argamassa colante para porcelanato tipo ACIII e rejunte 1mm para porcelanato | E101: m² | F101: 778.32 | G101: =L101 -> 106.29 | H101: =IF(E101<>0,F101*G101,"") -> 82727.633 | J101: 83.95 | L101: =ROUND((J101*(1+$H$5)),2) -> 106.29
...

Sheet Cronograma Fís-Financ 
B3: CRONOGRAMA FÍSICO - FINANCEIRO
B4: OBRA: | C4: =orçamento!B3 -> CONSTRUÇÃO DO PRÉDIO ESCOLAR - CEMEI PORTAL CLUB
B5: LOCAL: | C5: BAIRRO PORTAL CLUBE
B6: DATA: | C6: =orçamento!H4 -> 44314
B8: ITEM | C8: ATIVIDADE | D8: CUSTO TOTAL | F8: 1º Mês | G8: 2º Mês | H8: 3º Mês | I8: 4º Mês | J8: 5º Mês | K8: 6º Mês | L8: 7º Mês | M8: 8º Mês | N8: 9º Mês | O8: 10º Mês | P8: 11º Mês | Q8: 12º Mês
F9: _____________ | G9: _____________ | H9: _____________ | I9: _____________ | J9: _____________ | K9: _____________ | L9: _____________ | M9: _____________ | N9: _____________ | O9: _____________ | P9: _____________ | Q9: _____________
B10: 1 | C10: =[2]Planilha!C21 -> SERVIÇOS PRELIMINARES | D10: =E10/$E$68 -> 0.0032748758 | E10: =orçamento!H10 -> 12843.96 | F10: =E10*F11 -> 12843.96
D11: =E11/$E$68 -> 0 | F11: 1
B12: 2 | C12: =[2]Planilha!C24 -> LOCAÇÃO | D12: =E12/$E$68 -> 0.0034923038 | E12: =orçamento!H12 -> 13696.706 | F12: =$E$12*F13 -> 13696.706
F13: 1
B14: 3 | C14: =[2]Planilha!C26 -> INSTALAÇÃO DO CANTEIRO DE OBRAS | D14: =E14/$E$68 -> 0.017167782 | E14: =SUM(orçamento!H15:H24) -> 67331.498 | F14: =$E$14*F15 -> 67331.498
F15: 1
B16: 4 | C16: =[2]Planilha!C35 -> MOVIMENTO DE TERRA | D16: =E16/$E$68 -> 0.023390636 | E16: =SUM(orçamento!H27:H33) -> 91737.337 | F16: =$E$16*F17 -> 55042.402 | G16: =$E$16*G17 -> 18347.467 | H16: =$E$16*H17 -> 18347.467
F17: 0.6 | G17: 0.2 | H17: 0.2
B18: 5 | C18: =[2]Planilha!C43 -> ESTRUTURAS | D18: =E18/$E$68 -> 0.30911173 | E18: =SUM(orçamento!H36:H52) -> 1212326.4 | G18: =$E$18*G19 -> 303081.61 | H18: =$E$18*H19 -> 303081.61 | I18: =$E$18*I19 -> 303081.61 | J18: =$E$18*J19 -> 303081.61
G19: 0.25 | H19: 0.25 | I19: 0.25 | J19: 0.25
B20: 6 | C20: =[2]Planilha!C52 -> PAREDES E PAINÉIS | D20: =E20/$E$68 -> 0.032298648 | E20: =SUM(orçamento!H55:H59) -> 126674.28 | J20: =$E$20*J21 -> 38002.284 | K20: =$E$20*K21 -> 38002.284 | L20: =$E$20*L21 -> 38002.284 | M20: =$E$20*M21 -> 12667.428
J21: 0.3 | K21: 0.3 | L21: 0.3 | M21: 0.1
B22: 7 | C22: ESQUADRIAS DE MADEIRA | D22: =E22/$E$68 -> 0.0070996773 | E22: =SUM(orçamento!H62:H66) -> 27844.71 | K22: =$E$22*K23 -> 6961.1776 | L22: =$E$22*L23 -> 6961.1776 | M22: =$E$22*M23 -> 6961.1776 | N22: =$E$22*N23 -> 6961.1776
K23: 0.25 | L23: 0.25 | M23: 0.25 | N23: 0.25
B24: 8 | C24: =[2]Planilha!C57 -> ESQUADRIAS METÁLICAS | D24: =E24/$E$68 -> 0.021592527 | E24: =SUM(orçamento!H69:H70) -> 84685.211 | K24: =$E$24*K25 -> 21171.303 | L24: =$E$24*L25 -> 21171.303 | M24: =$E$24*M25 -> 21171.303 | N24: =$E$24*N25 -> 21171.303
K25: 0.25 | L25: 0.25 | M25: 0.25 | N25: 0.25
B26: 9 | C26: =[2]Planilha!C63 -> VIDROS E ESPELHOS | D26: =E26/$E$68 -> 0.022745299 | E26: =SUM(orçamento!H73:H76) -> 89206.344 | P26: =$E$26*P27 -> 44603.172 | Q26: =$E$26*Q27 -> 44603.172
P27: 0.5 | Q27: 0.5
B28: 10 | C28: =[2]Planilha!C65 -> COBERTURA | D28: =E28/$E$68 -> 0.095540359 | E28: =SUM(orçamento!H79:H90) -> 374706.27 | J28: =$E$28*J29 -> 187353.14 | K28: =$E$28*K29 -> 187353.14
J29: 0.5 | K29: 0.5
B30: 11 | C30: =[2]Planilha!C74 -> IMPERMEABILIZAÇÃO | D30: =E30/$E$68 -> 0.014543626 | E30: =SUM(orçamento!H93:H94) -> 57039.642 | J30: =$E$30*J31 -> 22815.857 | L30: =$E$30*L31 -> 22815.857 | M30: =$E$30*M31 -> 5703.9642 | N30: =$E$30*N31 -> 5703.9642
J31: 0.4 | L31: 0.4 | M31: 0.1 | N31: 0.1
B32: 12 | C32: =[2]Planilha!C77 -> TETOS E FORROS | D32: =E32/$E$68 -> 0.091067757 | E32: =SUM(orçamento!H97:H104) -> 357164.87 | K32: =$E$32*K33 -> 71432.974 | L32: =$E$32*L33 -> 71432.974 | M32: =$E$32*M33 -> 71432.974 | N32: =$E$32*N33 -> 35716.487 | O32: =$E$32*O33 -> 35716.487 | P32: =$E$32*P33 -> 35716.487 | Q32: =$E$32*Q33 -> 35716.487
K33: 0.2 | L33: 0.2 | M33: 0.2 | N33: 0.1 | O33: 0.1 | P33: 0.1 | Q33: 0.1
B34: 13 | C34: PISOS INTERNOS E EXTERNOS | D34: =E34/$E$68 -> 0.098836084 | E34: =SUM(orçamento!H107:H117) -> 387632 | J34: =$E$34*J35 -> 77526.4 | L34: =$E$34*L35 -> 77526.4 | N34: =$E$34*N35 -> 58144.8 | O34: =$E$34*O35 -> 58144.8 | P34: =$E$34*P35 -> 58144.8 | Q34: =$E$34*Q35 -> 58144.8
J35: 0.2 | L35: 0.2 | N35: 0.15 | O35: 0.15 | P35: 0.15 | Q35: 0.15
B36: 14 | C36: =[2]Planilha!C104 -> INSTALAÇÕES HIDROSSANITÁRIAS | D36: =E36/$E$68 -> 0.014426705 | E36: =SUM(orçamento!H120:H136) -> 56581.08 | H36: =$E$36*H37 -> 2829.054 | I36: =$E$36*I37 -> 2829.054 | J36: =$E$36*J37 -> 5658.108 | K36: =$E$36*K37 -> 11316.216 | L36: =$E$36*L37 -> 11316.216 | M36: =$E$36*M37 -> 11316.216 | N36: =$E$36*N37 -> 5658.108 | O36: =$E$36*O37 -> 5658.108
H37: 0.05 | I37: 0.05 | J37: 0.1 | K37: 0.2 | L37: 0.2 | M37: 0.2 | N37: 0.1 | O37: 0.1
B38: 15 | C38: =[2]Planilha!C130 -> INSTALAÇÕES ELÉTRICAS | D38: =E38/$E$68 -> 0.014609511 | E38: =SUM(orçamento!H139:H165) -> 57298.04 | H38: =$E$38*H39 -> 2864.902 | I38: =$E$38*I39 -> 2864.902 | J38: =$E$38*J39 -> 5729.804 | K38: =$E$38*K39 -> 11459.608 | L38: =$E$38*L39 -> 11459.608 | M38: =$E$38*M39 -> 11459.608 | N38: =$E$38*N39 -> 5729.804 | O38: =$E$38*O39 -> 5729.804
H39: 0.05 | I39: 0.05 | J39: 0.1 | K39: 0.2 | L39: 0.2 | M39: 0.2 | N39: 0.1 | O39: 0.1
B40: 16 | C40: OUTRAS INSTALAÇÕES | D40: =E40/$E$68 -> 0.0016572392 | E40: =SUM(orçamento!H168:H175) -> 6499.64 | M40: =$E$40*M41 -> 1299.928 | N40: =$E$40*N41 -> 1299.928 | O40: =$E$40*O41 -> 1299.928 | P40: =$E$40*P41 -> 1299.928 | Q40: =$E$40*Q41 -> 1299.928
M41: 0.2 | N41: 0.2 | O41: 0.2 | P41: 0.2 | Q41: 0.2
B42: 17 | C42: INSTALAÇÕES DE GÁS | D42: =E42/$E$68 -> 0.001901744 | E42: =orçamento!H177 -> 7458.58 | M42: =$E$42*M43 -> 2983.432 | N42: =$E$42*N43 -> 1118.787 | O42: =$E$42*O43 -> 1118.787 | P42: =$E$42*P43 -> 1118.787 | Q42: =$E$42*Q43 -> 1118.787
M43: 0.4 | N43: 0.15 | O43: 0.15 | P43: 0.15 | Q43: 0.15
B44: 18 | C44: INSTALAÇÕES DE PARA RAIO | D44: =E44/$E$68 -> 0.013947843 | E44: =SUM(orçamento!H179:H195) -> 54703 | P44: =$E$44*P45 -> 27351.5 | Q44: =$E$44*Q45 -> 27351.5
P45: 0.5 | Q45: 0.5
B46: 19 | C46: INSTALAÇÃO DE INCÊNDIO | D46: =E46/$E$68 -> 0.015182111 | E46: =SUM(orçamento!H197:H224) -> 59543.759 | O46: =$E$46*O47 -> 17863.128 | P46: =$E$46*P47 -> 17863.128 | Q46: =$E$46*Q47 -> 23817.504
O47: 0.3 | P47: 0.3 | Q47: 0.4
B48: 20 | C48: INSTALAÇÕES DE CLIMATIZAÇÃO | D48: =E48/$E$68 -> 0.021876754 | E48: =SUM(orçamento!H226:H239) -> 85799.94 | N48: =$E$48*N49 -> 21449.985 | O48: =$E$48*O49 -> 21449.985 | P48: =$E$48*P49 -> 21449.985 | Q48: =$E$48*Q49 -> 21449.985
N49: 0.25 | O49: 0.25 | P49: 0.25 | Q49: 0.25
B50: 21 | C50: INSTALAÇÕES DE MONITORAMENTO | D50: =E50/$E$68 -> 0.008108464 | E50: =SUM(orçamento!H242:H258) -> 31801.14 | P50: =$E$50*P51 -> 15900.57 | Q50: =$E$50*Q51 -> 15900.57
P51: 0.5 | Q51: 0.5
B52: 22 | C52: APARELHOS HIDRO-SANITÁRIOS | D52: =E52/$E$68 -> 0.04261453 | E52: =SUM(orçamento!H261:H338) -> 167132.84 | H52: =$E$52*H53 -> 25069.926 | M52: =$E$52*M53 -> 25069.926 | N52: =$E$52*N53 -> 25069.926 | O52: =$E$52*O53 -> 25069.926 | P52: =$E$52*P53 -> 25069.926 | Q52: =$E$52*Q53 -> 41783.21
H53: 0.15 | M53: 0.15 | N53: 0.15 | O53: 0.15 | P53: 0.15 | Q53: 0.25
B54: 23 | C54: APARELHOS ELÉTRICOS | D54: =E54/$E$68 -> 0.0088284749 | E54: =SUM(orçamento!H341:H375) -> 34625 | L54: =$E$54*L55 -> 6925 | N54: =$E$54*N55 -> 10387.5 | P54: =$E$54*P55 -> 10387.5 | Q54: =$E$54*Q55 -> 6925
L55: 0.2 | N55: 0.3 | P55: 0.3 | Q55: 0.2
B56: 24 | C56: PINTURA | D56: =E56/$E$68 -> 0.028170674 | E56: =SUM(orçamento!H378:H381) -> 110484.5 | M56: =$E$56*M57 -> 27621.124 | N56: =$E$56*N57 -> 27621.124 | O56: =$E$56*O57 -> 27621.124 | P56: =$E$56*P57 -> 27621.124
M57: 0.25 | N57: 0.25 | O57: 0.25 | P57: 0.25
B58: 25 | C58: SERVIÇOS COMPLEMENTARES EXTERNOS | D58: =E58/$E$68 -> 0.031471648 | E58: =SUM(orçamento!H384:H392) -> 123430.81 | N58: =$E$58*N59 -> 30857.703 | O58: =$E$58*O59 -> 30857.703 | P58: =$E$58*P59 -> 30857.703 | Q58: =$E$58*Q59 -> 30857.703
N59: 0.25 | O59: 0.25 | P59: 0.25 | Q59: 0.25
B60: 26 | C60: PAISAGISMO | D60: =E60/$E$68 -> 0.002596131 | E60: =orçamento!H394 -> 10181.944 | P60: =$E$60*P61 -> 5090.9719 | Q60: =$E$60*Q61 -> 5090.9719
P61: 0.5 | Q61: 0.5
B62: 27 | C62: TRATAMENTO,CONSERVAÇÃO E LIMPEZA | D62: =E62/$E$68 -> 0.0042492744 | E62: =orçamento!H396 -> 16665.52 | O62: =$E$62*O63 -> 4999.6561 | P62: =$E$62*P63 -> 4999.6561 | Q62: =$E$62*Q63 -> 6666.2081
O63: 0.3 | P63: 0.3 | Q63: 0.4
B64: 28 | C64: DIVERSOS EXTERNOS | D64: =E64/$E$68 -> 0.0033763836 | E64: =SUM(orçamento!H398:H402) -> 13242.07 | Q64: =$E$64*Q65 -> 13242.07
Q65: 1
B66: 29 | C66: =[2]Planilha!C195 -> ADMINISTRAÇÃO LOCAL | D66: =E66/$E$68 -> 0.046821209 | E66: =orçamento!H404 -> 183631.31 | F66: =$E$66*F67 -> 15302.609 | G66: =$E$66*G67 -> 15302.609 | H66: =$E$66*H67 -> 15302.609 | I66: =$E$66*I67 -> 15302.609 | J66: =$E$66*J67 -> 15302.609 | K66: =$E$66*K67 -> 15302.609 | L66: =$E$66*L67 -> 15302.609 | M66: =$E$66*M67 -> 15302.609 | ... Q66: =$E$66*Q67 -> 15302.609 | S66: =SUM(F66:Q66) -> 183631.31
C67: OBS.: A taxa de Administração Local será paga PROPORCIONALMENTE ao andamento da obra. | F67: =1/12 -> 0.083333333 | G67: =1/12 -> 0.083333333 | H67: =1/12 -> 0.083333333 | I67: =1/12 -> 0.083333333 | J67: =1/12 -> 0.083333333 | K67: =1/12 -> 0.083333333 | L67: =1/12 -> 0.083333333 | M67: =1/12 -> 0.083333333 | ... Q67: =1/12 -> 0.083333333 | S67: =1/4 -> 0.25
B68: TOTAIS | C68: TOTAL GERAL | D68: =SUM(D10:D67) -> 1 | E68: =SUM(E10:E67) -> 3921968.4
C69: TOTAL SIMPLES | F69: =SUM(F10,F12,F14,F16,F18,F20,F22,F24,F26,F28,F30,F32,F34,F36,F38,F40,F42,F44,F46,F48,F50,F52,F54,F56,F58,F60,F62,F64,F66) -> 164217.17 | G69: =SUM(G10,G12,G14,G16,G18,G20,G22,G24,G26,G28,G30,G32,G34,G36,G38,G40,G42,G44,G46,G48,G50,G52,G54,G56,G58,G60,G62,G64,G66) -> 336731.69 | H69: =SUM(H10,H12,H14,H16,H18,H20,H22,H24,H26,H28,H30,H32,H34,H36,H38,H40,H42,H44,H46,H48,H50,H52,H54,H56,H58,H60,H62,H64,H66) -> 367495.57 | I69: =SUM(I10,I12,I14,I16,I18,I20,I22,I24,I26,I28,I30,I32,I34,I36,I38,I40,I42,I44,I46,I48,I50,I52,I54,I56,I58,I60,I62,I64,I66) -> 324078.18 | J69: =SUM(J10,J12,J14,J16,J18,J20,J22,J24,J26,J28,J30,J32,J34,J36,J38,J40,J42,J44,J46,J48,J50,J52,J54,J56,J58,J60,J62,J64,J66) -> 655469.81 | K69: =SUM(K10,K12,K14,K16,K18,K20,K22,K24,K26,K28,K30,K32,K34,K36,K38,K40,K42,K44,K46,K48,K50,K52,K54,K56,K58,K60,K62,K64,K66) -> 362999.31 | L69: =SUM(L10,L12,L14,L16,L18,L20,L22,L24,L26,L28,L30,L32,L34,L36,L38,L40,L42,L44,L46,L48,L50,L52,L54,L56,L58,L60,L62,L64,L66) -> 282913.43 | M69: =SUM(M10,M12,M14,M16,M18,M20,M22,M24,M26,M28,M30,M32,M34,M36,M38,M40,M42,M44,M46,M48,M50,M52,M54,M56,M58,M60,M62,M64,M66) -> 212989.69 | ... Q69: =SUM(Q10,Q12,Q14,Q16,Q18,Q20,Q22,Q24,Q26,Q28,Q30,Q32,Q34,Q36,Q38,Q40,Q42,Q44,Q46,Q48,Q50,Q52,Q54,Q56,Q58,Q60,Q62,Q64,Q66) -> 349270.5
C70: PORCENTAGEM SIMPLES | F70: =F69/$E$68 -> 0.04187111 | G70: =G69/$E$68 -> 0.085857827 | H70: =H69/$E$68 -> 0.093701817 | I70: =I69/$E$68 -> 0.08263151 | J70: =J69/$E$68 -> 0.16712776 | K70: =K69/$E$68 -> 0.092555387 | L70: =L69/$E$68 -> 0.07213557 | M70: =M69/$E$68 -> 0.054306834 | ... Q70: =Q69/$E$68 -> 0.089054899
C71: TOTAL ACUMULADO | F71: =F69 -> 164217.17 | G71: =F71+G69 -> 500948.86 | H71: =G71+H69 -> 868444.43 | I71: =H71+I69 -> 1192522.6 | J71: =I71+J69 -> 1847992.4 | K71: =J71+K69 -> 2210991.7 | L71: =K71+L69 -> 2493905.2 | M71: =L71+M69 -> 2706894.8 | N71: =M71+N69 -> 2979088 | ... Q71: =P71+Q69 -> 3921968.4
C72: PORCENTAGEM ACUMULADA | F72: =F71/$E$68 -> 0.04187111 | G72: =G71/$E$68 -> 0.12772894 | H72: =H71/$E$68 -> 0.22143075 | I72: =I71/$E$68 -> 0.30406226 | J72: =J71/$E$68 -> 0.47119003 | K72: =K71/$E$68 -> 0.56374541 | L72: =L71/$E$68 -> 0.63588098 | M72: =M71/$E$68 -> 0.69018782 | ... Q72: =Q71/$E$68 -> 1
C75: SECRETARIA MUNICIPAL DE OBRAS PÚBLICAS | F75: SECRETARIA MUNICIPAL DE OBRAS PÚBLICAS
C76: WILLIAM GARCIA MENDONÇA | F76: DIVANDILSON FERREIRA DOS SANTOS
C77: GERENTE DE INSPEÇÃO | F77: SECRETÁRIO MUNICIPAL
C78: ASSINATURA: | F78: ASSINATURA:

Sheet Curva ABC
A2: COD. | B2: DESCRIÇÃO | C2: VALOR TOTAL | D2: % | E2: % ACUMUL. | F2: CLASSE
A4: 5.2.3 | B4: Fornecimento, dobragem e colocação em fôrma, de armadura CA- 50A grossa, diâmetro de 12.5 a 25.0mm | C4: 429548.43 | D4: =C4/$C$318 -> 0.10952368 | E4: =D4 -> 0.10952368 | F4: =IF(E4<=$J$5,"A",IF(E4<=$J$6,"B","C")) -> A | I4: Classe | J4: Corte
A5: 5.2.10 | B5: Fornecimento, dobragem e colocação em fôrma, de armadura CA- 50A grossa, diâmetro de 12.5 a 25.0mm | C5: 207649.06 | D5: =C5/$C$318 -> 0.052945113 | E5: =D5+E4 -> 0.1624688 | F5: =IF(E5<=$J$5,"A",IF(E5<=$J$6,"B","C")) -> A | I5: A | J5: 0.8
A6: 29.1 | B6: Administração Local OBS.: A taxa de Administração Local será paga PROPORCIONALMENTE ao andamento da obra. | C6: 183631.3 | D6: =C6/$C$318 -> 0.046821209 | E6: =D6+E5 -> 0.20929001 | F6: =IF(E6<=$J$5,"A",IF(E6<=$J$6,"B","C")) -> A | I6: B | J6: 0.95
A7: 13.2.2 | B7: Porcelanato natural, acabamento acetinado, dim. 60x60cm, ref. PLATINA NA Eliane/equiv, utilizando dupla colagem de argamassa colante para porcelanato tipo ACIII e rejunte 1mm para porcelanato | C7: 138956.56 | D7: =C7/$C$318 -> 0.03543031 | E7: =D7+E6 -> 0.24472032 | F7: =IF(E7<=$J$5,"A",IF(E7<=$J$6,"B","C")) -> A | I7: C | J7: 1
A8: 10.1.1 | B8: Estrutura de madeira de lei tipo Paraju, peroba mica, angelim pedra ou equivalente para telhado de telha ondulada de fibrocimento esp. 6mm, com pontaleste e caibros, inclusive travamento com cupinicida, exclusive telhas | C8: 126120.23 | D8: =C8/$C$318 -> 0.032157381 | E8: =D8+E7 -> 0.2768777 | F8: =IF(E8<=$J$5,"A",IF(E8<=$J$6,"B","C")) -> A
A9: 13.2.3 | B9: Piso em granito aplicado em ambientes internos. AF_06/2018 | C9: 125848 | D9: =C9/$C$318 -> 0.032087968 | E9: =D9+E8 -> 0.30896567 | F9: =IF(E9<=$J$5,"A",IF(E9<=$J$6,"B","C")) -> A
A10: 5.2.2 | B10: Fornecimento e aplicação de concreto USINADO Fck=25 MPa - considerandoBOMBEAMENTO (5% de perdas já incluido no custo) (6% de taxa p/concr. bombeavel) | C10: 123393.35 | D10: =C10/$C$318 -> 0.031462096 | E10: =D10+E9 -> 0.34042776 | F10: =IF(E10<=$J$5,"A",IF(E10<=$J$6,"B","C")) -> A
A11: 12.3.1 | B11: Emboço de argamassa de cimento, cal hidratada CH1 e areia média ou grossa lavada no traço 1:0,5:6, espessura 20 mm | C11: 115976.14 | D11: =C11/$C$318 -> 0.029570901 | E11: =D11+E10 -> 0.36999866 | F11: =IF(E11<=$J$5,"A",IF(E11<=$J$6,"B","C")) -> A
A12: 6.3.1 | B12: Alvenaria de blocos cerâmicos 10 furos 10x20x20cm, assentados c/argamassa de cimento, cal hidratada CH1 e areia traço 1:0,5:8, esp. das juntas 12mm e esp. das paredes s/revestimento, 10 ( bloco comprado na fábrica, posto obra) | C12: 109430.33 | D12: =C12/$C$318 -> 0.027901888 | E12: =D12+E11 -> 0.39790055 | F12: =IF(E12<=$J$5,"A",IF(E12<=$J$6,"B","C")) -> A
A13: 25.1.1 | B13: Muro de alvenaria de blocos cerâmicos 10x20x20cm, c/ pilares a cada 2 m, esp. 10cm e h=2.5m, revestido com chapisco, reboco e pintura acrílica a 2 demãos, incl. pilares, cintas e sapatas, empregando arg. cimento cal e areia | C13: 91822.899 | D13: =C13/$C$318 -> 0.023412452 | E13: =D13+E12 -> 0.421313 | F13: =IF(E13<=$J$5,"A",IF(E13<=$J$6,"B","C")) -> A
A14: 12.2.2 | B14: Porcelanato polido, acabamento acetinado, dim. 60x60cm, ref. Potobello/equiv., utilizndo dupla colagem de argamassa colante para porcelanato tipo ACIII e rejunte 1mm para porcelanato | C14: 82727.633 | D14: =C14/$C$318 -> 0.021093396 | E14: =D14+E13 -> 0.4424064 | F14: =IF(E14<=$J$5,"A",IF(E14<=$J$6,"B","C")) -> A
A15: 10.2.2 | B15: Vidro laminado 8mm (4+4mm), incolor | C15: 75835.829 | D15: =C15/$C$318 -> 0.019336165 | E15: =D15+E14 -> 0.46174256 | F15: =IF(E15<=$J$5,"A",IF(E15<=$J$6,"B","C")) -> A
A16: 5.2.6 | B16: Montagem e desmontagem de fôrma de laje nervurada com cubeta e assoalhão com area média maior que 20m², pé -direito simples, em chapa de madeira compensada resinada, 8 utilizações. | C16: 71716.967 | D16: =C16/$C$318 -> 0.018285962 | E16: =D16+E15 -> 0.48002853 | F16: =IF(E16<=$J$5,"A",IF(E16<=$J$6,"B","C")) -> A
A17: 5.2.5 | B17: Fôrma de tábua de madeira de 2.5 x 30.0cm para fundações, levando-se em conta a utilização 5 vezes ( incluido o material, corte, montagem, escoras em eucalipto e desforma) | C17: 70057.287 | D17: =C17/$C$318 -> 0.017862787 | E17: =D17+E16 -> 0.49789131 | F17: =IF(E17<=$J$5,"A",IF(E17<=$J$6,"B","C")) -> A
A18: 10.2.1 | B18: Cobertura nova de telhas onduladas de fibrocimento 6.0mm, inclusive cumeeiras e acessórios de fixação | C18: 64892.936 | D18: =C18/$C$318 -> 0.016546012 | E18: =D18+E17 -> 0.51443732 | F18: =IF(E18<=$J$5,"A",IF(E18<=$J$6,"B","C")) -> A
A19: 12.1.1 | B19: Forro de gesso acabamento tipo liso | C19: 64813.067 | D19: =C19/$C$318 -> 0.016525647 | E19: =D19+E18 -> 0.53096297 | F19: =IF(E19<=$J$5,"A",IF(E19<=$J$6,"B","C")) -> A
... A316: 23.3.4 | B316: Disjuntor termomagnetico monopolar 16 A, padrão DIN (linha branca) curva de disparo B, corrente de interrupção 5KA, ref.: Siemens 5 SX1 ou similar. | C316: 19.11 | D316: =C316/$C$318 -> 4.8725532e-06 | E316: =D316+E315 -> 1 | F316: =IF(E316<=$J$5,"A",IF(E316<=$J$6,"B","C")) -> C
B318: total | C318: =SUM(C4:C316) -> 3921968.4

Sheet composiçoes
A4: LISTA DE MATERIAL CFTV
A5: COMP-01 FORNECIMENTO E INSTALAÇAO DE CAMERA IP IR BULLET REF. INTELBRAS/VIP 3230 D OU SIMILAR
A6: BASE :ORSE 11520
A8: Levantamento de preços de mercado - Data: 02/03/2021
A10: Estabelecimento | B10: Contato | D10: Unid | E10: Pr. Unit.
A11: Monitora - Alarmes e Câmeras | B11: 27 996516462 | D11: und | E11: 525.05
A12: CRISSOM SEGUR. ELETRONICA | B12: 27 33611105 | D12: und | E12: 498.39
A13: lojas americanas | B13: 27 988859614 | D13: und | E13: 455.6
A14: Pr.Unit | E14: =E13 -> 455.6
A16: MÃO DE OBRA | B16: Unid | C16: Código | D16: Coefic. | E16: C. Prod. | F16: Pr. Prod. | G16: Pr. Improd. | H16: Pr. Unit. | I16: Fator Ac.
A17: Técnico | B17: H | C17: 6698 | D17: 1 | H17: 9.8 | I17: =D17*H17 -> 9.8
A18: SubTotal: | I18: =I17 -> 9.8
A20: MATERIAL | B20: Unid | C20: Código | D20: Coefic. | E20: C. Prod. | F20: Pr. Prod. | G20: Pr. Improd. | H20: Pr. Unit. | I20: Fator Ac.
A21: CAMERA IP IR BULLET (INTELBRAS/VIP3230 D) | B21: UN | C21: Mercado | D21: 1 | H21: =E14 -> 455.6 | I21: =H21 -> 455.6
A22: SubTotal: | I22: =I21 -> 455.6
A24: RESUMO
A25: DISCRIMINAÇÃO | D25: TAXA(%) | E25: VALORES
A26: Mão-de-Obra(A) | D26: 128.33 | E26: =I18 -> 9.8
A27: Materiais(B) | E27: =I22 -> 455.6
A28: Equipamentos(C) | E28: 0
A29: Produção da Equipe(D) | E29: 1
A30: Custo Horário Total(A+C) | E30: =E26+E28 -> 9.8
A31: Custo Unitário da Execução[(A/D)+(C/D)] = E | E31: =(E26/E29)+(E28/E29) -> 9.8
A32: Custo Direto Total(B+E) | E32: =E27+E31 -> 465.4
A33: Bonificações e Despesas Indiretas - BDI | D33: 0 | E33: =E32*(D33/100) -> 0
A34: CUSTO UNITÁRIO (Adotado) | E34: =E32+E33 -> 465.4
A39: COMP-02 FORNECIMENTO E INSTALAÇAO DE CAMERA IP IR DOME INTELBRAS/VIP 3230 D OU SIMILAR (CFTV)
A40: BASE :ORSE 11520
A42: Levantamento de preços de mercado - Data: 02/03/2021
A44: Estabelecimento | B44: Contato | D44: Unid | E44: Pr. Unit.
A45: Monitora - Alarmes e Câmeras | B45: 27 996516462 | D45: und | E45: 548.3
A46: CRISSOM SEGUR. ELETRONICA | B46: 27 33611105 | D46: und | E46: 579.53
A47: lojas americanas | B47: 27 988859614 | D47: und | E47: 550.76
A48: Pr.Unit | E48: =E45 -> 548.3
A50: MÃO DE OBRA | B50: Unid | C50: Código | D50: Coefic. | E50: C. Prod. | F50: Pr. Prod. | G50: Pr. Improd. | H50: Pr. Unit. | I50: Fator Ac.
A51: Técnico | B51: H | C51: 6698 | D51: 1 | H51: 9.8 | I51: =D51*H51 -> 9.8
A52: SubTotal: | I52: =I51 -> 9.8
A54: MATERIAL | B54: Unid | C54: Código | D54: Coefic. | E54: C. Prod. | F54: Pr. Prod. | G54: Pr. Improd. | H54: Pr. Unit. | I54: Fator Ac.
A55: CAMERA IP IR DOME (INTELBRAS/VIP3230 D) | B55: UN | C55: Mercado | D55: 1 | H55: =E48 -> 548.3 | I55: =D55*H55 -> 548.3
A56: SubTotal: | I56: =I55 -> 548.3
A58: RESUMO
A59: DISCRIMINAÇÃO | D59: TAXA(%) | E59: VALORES
A60: Mão-de-Obra(A) | D60: 128.33 | E60: =I52 -> 9.8
A61: Materiais(B) | E61: =I56 -> 548.3
A62: Equipamentos(C) | E62: 0
A63: Produção da Equipe(D) | E63: 1
A64: Custo Horário Total(A+C) | E64: =E60+E62 -> 9.8
A65: Custo Unitário da Execução[(A/D)+(C/D)] = E | E65: =(E60/E63)+(E62/E63) -> 9.8
A66: Custo Direto Total(B+E) | E66: =E61+E65 -> 558.1
A67: Bonificações e Despesas Indiretas - BDI | D67: 0 | E67: =E66*(D67/100) -> 0
A68: CUSTO UNITÁRIO (Adotado) | E68: =E66+E67 -> 558.1
A73: COMP-03 FORNECIMENTO E INSTALAÇAO DE GRAVADO IP 16 CANAIS POE INTELBRAS/NVD 3136 P OU SIMILAR (CFTV)
A74: BASE :ORSE 11520
A76: Levantamento de preços de mercado - Data: 02/03/2021
A78: Estabelecimento | B78: Contato | D78: Unid | E78: Pr. Unit.
A79: Monitora - Alarmes e Câmeras | B79: 27 996516462 | D79: und | E79: 2606.12
A80: ATMSEG | B80: 27 3367065 | D80: und | E80: 2740.66
A81: lojas americanas | B81: 27 988859614 | D81: und | E81: 2861.15
A82: Pr.Unit | E82: =E79 -> 2606.12
A84: MÃO DE OBRA | B84: Unid | C84: Código | D84: Coefic. | E84: C. Prod. | F84: Pr. Prod. | G84: Pr. Improd. | H84: Pr. Unit. | I84: Fator Ac. | J84: Subtotal
A85: Técnico | B85: H | C85: 6698 | D85: 1 | H85: 9.8 | J85: =D85*H85 -> 9.8
A86: SubTotal: | J86: =SUM(J85:J85) -> 9.8
A88: MATERIAL | B88: Unid | C88: Código | D88: Coefic. | E88: C. Prod. | F88: Pr. Prod. | G88: Pr. Improd. | H88: Pr. Unit. | I88: Fator Ac. | J88: Subtotal
A89: GRAVADO IP 16 CANAIS POE (INTELBRAS/NVD3116 P) | B89: UN | C89: Mercado | D89: 1 | H89: =E82 -> 2606.12 | I89: - | J89: =D89*H89 -> 2606.12
A90: SubTotal: | J90: =SUM(J89) -> 2606.12
A92: RESUMO
A93: DISCRIMINAÇÃO | D93: TAXA(%) | E93: VALORES
A94: Mão-de-Obra(A) | D94: 128.33 | E94: =J86 -> 9.8
A95: Materiais(B) | E95: =J90 -> 2606.12
A96: Equipamentos(C) | E96: 0
A97: Produção da Equipe(D) | E97: 1
A98: Custo Horário Total(A+C) | E98: =E94+E96 -> 9.8
A99: Custo Unitário da Execução[(A/D)+(C/D)] = E | E99: =(E94/E97)+(E96/E97) -> 9.8
A100: Custo Direto Total(B+E) | E100: =E95+E99 -> 2615.92
A101: Bonificações e Despesas Indiretas - BDI | D101: 0 | E101: =E100*(D101/100) -> 0
A102: CUSTO UNITÁRIO (Adotado) | E102: =E100+E101 -> 2615.92
A107: COMP-04 FORNECIMENTO E INSTALAÇAO DE CABO DE REDE INDOOR BLINDADO CAT 6E FURUKAWA OU SIMILAR (CFTV)
A108: BASE :IOPES 160808
A110: Levantamento de preços de mercado - Data: 02/03/2021
A112: Estabelecimento | B112: Contato | D112: Unid | E112: Pr. Unit.
A113: Monitora - Alarmes e Câmeras | B113: 27 996516462 | D113: und | E113: 2.75
A114: CRISSOM SEGUR. ELETRONICA | B114: 27 33611105 | D114: und | E114: 2.73
A115: Pastore | B115: 27 32623280 | D115: und | E115: 3.2
A116: Pr.Unit | E116: =E114 -> 2.73
A118: MÃO DE OBRA | B118: Unid | C118: Código | D118: Coefic. | E118: C. Prod. | F118: Pr. Prod. | G118: Pr. Improd. | H118: Pr. Unit. | I118: Fator Ac.
A119: AJUDANTE PRATICO | B119: H | C119: 10101 | D119: 0.02 | H119: 15.08 | I119: =D119*H119 -> 0.3016
A120: ELETRICISTA OFICIAL | B120: H | C120: 10115 | D120: 0.02 | H120: 17.85 | I120: =D120*H120 -> 0.357
A121: SubTotal: | I121: =SUM(I119:I120) -> 0.6586
A123: MATERIAL | B123: Unid | C123: Código | D123: Coefic. | E123: C. Prod. | F123: Pr. Prod. | G123: Pr. Improd. | H123: Pr. Unit. | I123: Fator Ac.
A124: INSTALAÇAO DE CABO DE REDE INDOOR BLINDADO CAT 6E | B124: UN | C124: Mercado | D124: 1 | H124: =E116 -> 2.73 | I124: =D124*H124 -> 2.73
A125: SubTotal: | I125: =I124 -> 2.73
A127: RESUMO
A128: DISCRIMINAÇÃO | D128: TAXA(%) | E128: VALORES
A129: Mão-de-Obra(A) | D129: 128.33 | E129: =I121 -> 0.6586
A130: Materiais(B) | E130: =I125 -> 2.73
A131: Equipamentos(C) | E131: 0
A132: Produção da Equipe(D) | E132: 1
A133: Custo Horário Total(A+C) | E133: =E129+E131 -> 0.6586
A134: Custo Unitário da Execução[(A/D)+(C/D)] = E | E134: =(E129/E132)+(E131/E132) -> 0.6586
A135: Custo Direto Total(B+E) | E135: =E130+E134 -> 3.3886
...

Sheet MEDIÇÃO 01
A1: ESTADO DO ESPIRITO SANTO | E1: BOLETIM DE MEDIÇÃO
A2: MUNICIPIO DE GUARAPARI | E2: 1
A3: OBJETO: | D3: CONSTRUÇÃO DO PRÉDIO ESCOLAR - CEMEI PORTAL CLUB | F3: VALOR DO CONTRATO | H3: Contrato Nº: | I3: 148/2019 | K3: Período Medicao: | N3: Valor Acumulado: | P3: =+J260 -> 0
A4: CONTRATANTE: | D4: PREFEITURA MUNICIPAL DE GUARAPARI/ES | H4: Local/U.F.: | I4: GUARAPARI/ES | L4: a | N4: Valor Medido: | P4: =+L260 -> 131841.14
A5: EMPRESA : | D5: NAZCA ENGENHARIA LTDA | F5: =+H260 -> 1883431.8 | H5: Periodo da Obra: | I5: 43673 | J5: a 27/07/2020 | K5: Emissão: | L5: 43710 | N5: Saldo de Contrato: | P5: =+P260 -> 1757462.1
A6: Item | B6: Cod | C6: Referência | D6: Descrição do Serviço | E6: Unid. | F6: Quant. | G6: P. Unit. | H6: Total | I6: Acumulado Anterior | K6: Medição Atual | M6: Acumulado Atual | O6: Saldo | R6: =F5 -> 1883431.8 | T6: =SUM(T8:T260) -> 219737.79 | U6: =T6/R6 -> 0.11666883
I7: Quant. | J7: Total | K7: Quant. | L7: Total | M7: Quant. | N7: Total | O7: Quant. | P7: Total
A8: 1 | D8: SERVIÇOS PRELIMINARES | H8: =+SUM(H10:H12) -> 25078.915
A9: 1.1 | D9: DEMOLIÇÕES E RETIRADAS
A10: 1.1.1 | B10: 73948/016 | C10: IOPES | D10: Demolição de edificação existente (hora máquina - pá carregadeira) | E10: h | F10: 44 | G10: 111.41 | H10: =+IF(E10<>0,F10*G10,"") -> 4902.04 | J10: =+IF(E10<>0,I10*G10,"") -> 0 | L10: =IF(E10<>0,K10*G10,"") -> 0 | M10: =+I10+K10 -> 0 | N10: 0 | O10: =IF(E10<>0,+F10-M10,"") -> 44 | P10: 4902.04
A11: 1.2 | D11: LOCAÇÃO | M11: =+I11+K11 -> 0
A12: 1.2.1 | B12: 010501 | C12: IOPES | D12: Locação de obra com gabarito de madeira | E12: m² | F12: 1529.71 | G12: 13.19 | H12: =+IF(E12<>0,F12*G12,"") -> 20176.875 | J12: =+IF(E12<>0,I12*G12,"") -> 0 | K12: 1529.71 | L12: 20176.875 | M12: =+I12+K12 -> 1529.71 | N12: 20176.87 | O12: =IF(E12<>0,+F12-M12,"") -> 0 | P12: 0
A13: 2 | D13: INSTALAÇÃO DO CANTEIRO DE OBRAS | H13: =+SUM(H15:H24) -> 25256.703 | J13: =+IF(E13<>0,I13*G13,"") | L13: =IF(E13<>0,K13*G13,"") | M13: =+I13+K13 -> 0 | O13: =IF(E13<>0,+F13-M13,"")
A14: 2.1 | D14: TAPUMES, BARRACÕES E COBERTURAS | M14: =+I14+K14 -> 0
A15: 2.1.2 | B15: 020305 | C15: IOPES | D15: Placa de obra nas dimensões de 2.0 x 4.0 m, padrão IOPES | E15: m² | F15: 8 | G15: 180.35 | H15: =+IF(E15<>0,F15*G15,"") -> 1442.8 | J15: =+IF(E15<>0,I15*G15,"") -> 0 | K15: 8 | L15: =IF(E15<>0,K15*G15,"") -> 1442.8 | M15: =+I15+K15 -> 8 | N15: 1442.8 | O15: =IF(E15<>0,+F15-M15,"") -> 0 | P15: =IF(E15<>0,O15*G15,"") -> 0
A16: 2.2 | D16: Instalação do canteiro de obras (utilização 1vez), projeto padrão LABOR - NR. 18 | M16: =+I16+K16 -> 0 | P16: =IF(E16<>0,O16*G16,"")
A17: 2.2.1 | B17: 020702 | C17: IOPES | D17: Barracão para almoxarifado área de 10.90m², de chapa de compensado de 12 mm e pontalete 8x8cm, piso cimentado e cobertura de telhas de fibrocimento de 6 mm, incl. ponto de luz, conf. projeto (1utilização). | E17: m² | F17: 10.9 | G17: 271.06 | H17: =+IF(E17<>0,F17*G17,"") -> 2954.554 | J17: =+IF(E17<>0,I17*G17,"") -> 0 | K17: 10.9 | L17: =IF(E17<>0,K17*G17,"") -> 2954.554 | M17: =+I17+K17 -> 10.9 | N17: =IF(E17<>0,M17*G17,"") -> 2954.554 | O17: =IF(E17<>0,+F17-M17,"") -> 0 | P17: =IF(E17<>0,O17*G17,"") -> 0
A18: 2.2.2 | B18: 020703 | C18: IOPES | D18: Barracão para depósito de cimento área de 10.90m², de chapa de compensado de 12 mm e pontalete 8x8cm, piso cimentado e cobertura de telhas de fibrocimento de 6 mm, incl. ponto de luz, conf. projeto (1utilização). | E18: m² | F18: 10.9 | G18: 235.01 | H18: =+IF(E18<>0,F18*G18,"") -> 2561.609 | J18: =+IF(E18<>0,I18*G18,"") -> 0 | K18: 10.9 | L18: =IF(E18<>0,K18*G18,"") -> 2561.609 | M18: =+I18+K18 -> 10.9 | N18: =IF(E18<>0,M18*G18,"") -> 2561.609 | O18: =IF(E18<>0,+F18-M18,"") -> 0 | P18: =IF(E18<>0,O18*G18,"") -> 0
A19: 2.2.3 | B19: 020704 | C19: IOPES | D19: Refeitório com paredes de chapa de compens. 12mm e pontaletes 8x8cm, piso ciment. e cob. de telhas fibroc. 6mm, incl ponto de luz e cx. de inspeção (cons. 1.21m²/func./turno), conf projeto (1utilização) | E19: m² | F19: 14.5 | G19: 259.64 | H19: =+IF(E19<>0,F19*G19,"") -> 3764.78 | J19: =+IF(E19<>0,I19*G19,"") -> 0 | K19: 14.5 | L19: =IF(E19<>0,K19*G19,"") -> 3764.78 | M19: =+I19+K19 -> 14.5 | N19: =IF(E19<>0,M19*G19,"") -> 3764.78 | O19: =IF(E19<>0,+F19-M19,"") -> 0 | P19: =IF(E19<>0,O19*G19,"") -> 0
A20: 2.2.4 | B20: 020705 | C20: IOPES | D20: Unidade de sanitário e vestiário para ate 20 func. área de 18.15m², paredes de chapa compens. 12mm e pontalere 8x8cm, piso cimentado, cobert telha fibroc. 6mm, incl. instalação de luz e cx. de inspeção, conf. projeto (1utilização) | E20: und | F20: 1 | G20: 7752.06 | H20: =+IF(E20<>0,F20*G20,"") -> 7752.06 | J20: =+IF(E20<>0,I20*G20,"") -> 0 | K20: 1 | L20: =IF(E20<>0,K20*G20,"") -> 7752.06 | M20: =+I20+K20 -> 1 | N20: =IF(E20<>0,M20*G20,"") -> 7752.06 | O20: =IF(E20<>0,+F20-M20,"") -> 0 | P20: =IF(E20<>0,O20*G20,"") -> 0
A21: 2.2.5 | B21: 020711 | C21: IOPES | D21: Reservatório de poliestileno de 1000L, incl suporte em madeira de 7x12cm, e 8x7cm, elevado de 4m, conf. projeto ( 1utilização) | E21: und | F21: 1 | G21: 1217.68 | H21: =+IF(E21<>0,F21*G21,"") -> 1217.68 | J21: =+IF(E21<>0,I21*G21,"") -> 0 | K21: 1 | L21: =IF(E21<>0,K21*G21,"") -> 1217.68 | M21: =+I21+K21 -> 1 | N21: =IF(E21<>0,M21*G21,"") -> 1217.68 | O21: =IF(E21<>0,+F21-M21,"") -> 0 | P21: =IF(E21<>0,O21*G21,"") -> 0
A22: 2.2.6 | B22: 020712 | C22: IOPES | D22: Rede de água com padrão de entrada d'agua diam. 3/4", conf. espec. cesan, incl tubos e conexões para alimentação, distribuição, extravasor e limpeza, cons o padrão a 25 m, conf. projeto( 1utilização) | E22: m | F22: 10 | G22: 24.09 | H22: =+IF(E22<>0,F22*G22,"") -> 240.9 | J22: =+IF(E22<>0,I22*G22,"") -> 0 | K22: 10 | L22: =IF(E22<>0,K22*G22,"") -> 240.9 | M22: =+I22+K22 -> 10 | N22: =IF(E22<>0,M22*G22,"") -> 240.9 | O22: =IF(E22<>0,+F22-M22,"") -> 0 | P22: =IF(E22<>0,O22*G22,"") -> 0
A23: 2.2.7 | B23: 020713 | C23: IOPES | D23: Rede de luz, incl. padrão entrada de energia trifás., cabo de ligação até barracões, quadro de distrib., disj. e chave de força (quando necessário), cons 20m entre padrão entrada e QDG, conf. projeto (1 utilização) | E23: m | F23: 10 | G23: 291.14 | H23: =+IF(E23<>0,F23*G23,"") -> 2911.4 | J23: =+IF(E23<>0,I23*G23,"") -> 0 | K23: 10 | L23: =IF(E23<>0,K23*G23,"") -> 2911.4 | M23: =+I23+K23 -> 10 | N23: =IF(E23<>0,M23*G23,"") -> 2911.4 | O23: =IF(E23<>0,+F23-M23,"") -> 0 | P23: =IF(E23<>0,O23*G23,"") -> 0
A24: 2.2.8 | B24: 020714 | C24: IOPES | D24: Rede de esgoto, contendo fossa e filtro, inclusive tubos e conexões de ligação entre caixas, considerando distância de 25m, conforme projeto (1 utilização) | E24: m | F24: 12 | G24: 200.91 | H24: =+IF(E24<>0,F24*G24,"") -> 2410.92 | K24: 12 | L24: =IF(E24<>0,K24*G24,"") -> 2410.92 | M24: =+I24+K24 -> 12 | N24: =IF(E24<>0,M24*G24,"") -> 2410.92 | O24: =IF(E24<>0,+F24-M24,"") -> 0 | P24: =IF(E24<>0,O24*G24,"") -> 0
A25: 3 | D25: MOVIMENTAÇÃO DE TERRA | H25: =SUM(H27:H34) -> 154381.61 | J25: =+IF(E25<>0,I25*G25,"") | L25: =IF(E25<>0,K25*G25,"") | M25: =+I25+K25 -> 0 | N25: =IF(E25<>0,M25*G25,"") | O25: =IF(E25<>0,+F25-M25,"") | P25: =IF(E25<>0,O25*G25,"")
D26: ESCAVAÇÃO | L26: =IF(E26<>0,K26*G26,"") | M26: =+I26+K26 -> 0 | N26: =IF(E26<>0,M26*G26,"")
A27: 3.1.1 | B27: 030101 | C27: IOPES | D27: Escavação manual em material de 1a. categoria, até 1.50m de profundidade | E27: m³ | F27: 151.88 | G27: 29.82 | H27: =+IF(E27<>0,F27*G27,"") -> 4529.0616 | J27: =+IF(E27<>0,I27*G27,"") -> 0 | L27: =IF(E27<>0,K27*G27,"") -> 0 | M27: =+I27+K27 -> 0 | N27: =IF(E27<>0,M27*G27,"") -> 0 | O27: =IF(E27<>0,+F27-M27,"") -> 151.88 | P27: =IF(E27<>0,O27*G27,"") -> 4529.0616
A28: 3.1.2 | B28: 030119 | C28: IOPES | D28: Apiloamento do fundo de vala com maço de 30 a 60 kg | E28: m² | F28: 101.25 | G28: 15.59 | H28: =+IF(E28<>0,F28*G28,"") -> 1578.4875 | J28: =+IF(E28<>0,I28*G28,"") -> 0 | L28: =IF(E28<>0,K28*G28,"") -> 0 | M28: =+I28+K28 -> 0 | N28: =IF(E28<>0,M28*G28,"") -> 0 | O28: =IF(E28<>0,+F28-M28,"") -> 101.25 | P28: =IF(E28<>0,O28*G28,"") -> 1578.4875
A29: 0302 | D29: REATERRO E COMPACTAÇÃO | L29: =IF(E29<>0,K29*G29,"") | M29: =+I29+K29 -> 0 | N29: =IF(E29<>0,M29*G29,"")
A30: 3.1.3 | B30: 030201 | C30: IOPES | D30: Reaterro apiloado de cavas de fundação, em camadas de 20cm | E30: m³ | F30: 124.88 | G30: 32.1 | H30: =+IF(E30<>0,F30*G30,"") -> 4008.648 | J30: =+IF(E30<>0,I30*G30,"") -> 0 | L30: =IF(E30<>0,K30*G30,"") -> 0 | M30: =+I30+K30 -> 0 | N30: =IF(E30<>0,M30*G30,"") -> 0 | O30: =IF(E30<>0,+F30-M30,"") -> 124.88 | P30: =IF(E30<>0,O30*G30,"") -> 4008.648
A31: 3.1.4 | B31: 030210 | C31: IOPES | D31: Aterro compactado utilizando compactador de placa vibratória com reaproveitamento do material | E31: m³ | F31: 917.83 | G31: 16.05 | H31: =+IF(E31<>0,F31*G31,"") -> 14731.172 | J31: =+IF(E31<>0,I31*G31,"") -> 0 | L31: =IF(E31<>0,K31*G31,"") -> 0 | M31: =+I31+K31 -> 0 | N31: =IF(E31<>0,M31*G31,"") -> 0 | O31: =IF(E31<>0,+F31-M31,"") -> 917.83 | P31: =IF(E31<>0,O31*G31,"") -> 14731.172
A32: 3.1.4 | B32: 3.4 | C32: 94319 SINAPI | D32: Aterro manual de valas com solo argilo-arenoso e compactação mecanizada. Af_05/2016 (conforme projeto) | E32: M3 | F32: 2640.08 | G32: 46.22 | H32: =+IF(E32<>0,F32*G32,"") -> 122024.5 | J32: =+IF(E32<>0,I32*G32,"") -> 0 | L32: =IF(E32<>0,K32*G32,"") -> 0 | M32: =+I32+K32 -> 0 | N32: =IF(E32<>0,M32*G32,"") -> 0 | O32: =IF(E32<>0,+F32-M32,"") -> 2640.08 | P32: =IF(E32<>0,O32*G32,"") -> 122024.5 | Q32: M3 | R32: 2202.5 | S32: =G32 -> 46.22 | T32: =R32*S32 -> 101799.55
A33: 0303 | D33: TRANSPORTES | L33: =IF(E33<>0,K33*G33,"") | M33: =+I33+K33 -> 0 | N33: =IF(E33<>0,M33*G33,"")
A34: 3.1.5 | B34: 030304 | C34: IOPES | D34: Índice de preço para remoção de entulho decorrente da execução de obras (classe a CONAMA - NBR 10.004 - Classe II-B), incluindo aluguel da caçamba, carga, transporte e descraga em área licenciada. | E34: m³ | F34: 193.6 | G34: 38.79 | H34: =+IF(E34<>0,F34*G34,"") -> 7509.744 | J34: =+IF(E34<>0,I34*G34,"") -> 0 | L34: =IF(E34<>0,K34*G34,"") -> 0 | M34: =+I34+K34 -> 0 | N34: =IF(E34<>0,M34*G34,"") -> 0 | O34: =IF(E34<>0,+F34-M34,"") -> 193.6 | P34: =IF(E34<>0,O34*G34,"") -> 7509.744
A35: 4 | D35: ESTRUTURAS | H35: =SUM(H37:H49) -> 340101.7 | L35: =IF(E35<>0,K35*G35,"") | M35: =+I35+K35 -> 0 | N35: =IF(E35<>0,M35*G35,"")
A36: 0402 | D36: INFRA-ESTRUTURA (FUNDAÇÃO) | L36: =IF(E36<>0,K36*G36,"") | M36: =+I36+K36 -> 0 | N36: =IF(E36<>0,M36*G36,"")
A37: 4.1.1 | B37: 040206 | C37: IOPES | D37: Fôrma de tábua de madeira de 2.5 x 30.0cm para fundações, levando-se em conta a utilização 5 vezes ( incluido o material, corte, montagem, escoramneto e desforma) | E37: m² | F37: 448.59 | G37: 74.32 | H37: =+IF(E37<>0,F37*G37,"") -> 33339.209 | J37: =+IF(E37<>0,I37*G37,"") -> 0 | L37: =IF(E37<>0,K37*G37,"") -> 0 | M37: =+I37+K37 -> 0 | N37: =IF(E37<>0,M37*G37,"") -> 0 | O37: =IF(E37<>0,+F37-M37,"") -> 448.59 | P37: =IF(E37<>0,O37*G37,"") -> 33339.209 | Q37: M2 | R37: =SUPER!M6-F37 -> 97.97 | S37: =G37 -> 74.32 | T37: =R37*S37 -> 7281.1304
A38: 4.1.2 | B38: 040231 | C38: IOPES | D38: Fornecimento, preparo e aplicação de concreto magro com consumo mínimo de cimento de 250kg/m³ ( brita 1 e 2) - (5% de perdas já incluido no custo) | E38: m³ | F38: 5.06 | G38: 322.91 | H38: =+IF(E38<>0,F38*G38,"") -> 1633.9246 | J38: =+IF(E38<>0,I38*G38,"") -> 0 | L38: =IF(E38<>0,K38*G38,"") -> 0 | M38: =+I38+K38 -> 0 | N38: =IF(E38<>0,M38*G38,"") -> 0 | O38: =IF(E38<>0,+F38-M38,"") -> 5.06 | P38: =IF(E38<>0,O38*G38,"") -> 1633.9246
A39: 4.1.3 | B39: 040240 | C39: IOPES | D39: Fornecimento e aplicação de concreto USINADO Fck=25 MPa - considerando lançamento MANUAL para INFRA-ESTRUTURA (5% de perdas já incluido no custo) | E39: m³ | F39: 53.59 | G39: 291.04 | H39: =+IF(E39<>0,F39*G39,"") -> 15596.834 | L39: =IF(E39<>0,K39*G39,"") -> 0 | M39: =+I39+K39 -> 0 | N39: 0 | O39: =IF(E39<>0,+F39-M39,"") -> 53.59 | P39: =IF(E39<>0,O39*G39,"") -> 15596.834 | Q39: M3 | R39: =SUPER!M7-F39 -> 21.23 | S39: =G39 -> 291.04 | T39: =R39*S39 -> 6178.7792
A40: 4.1.4 | B40: 040243 | C40: IOPES | D40: Fornecimento, dobragem e colocação em fôrma, de armadura CA- 50A média, diâmetro de 6.3 a 10.0mm | E40: kg | F40: 2411.57 | G40: 5.69 | H40: =+IF(E40<>0,F40*G40,"") -> 13721.833 | L40: =IF(E40<>0,K40*G40,"") -> 0 | M40: =+I40+K40 -> 0 | N40: =IF(E40<>0,M40*G40,"") -> 0 | O40: =IF(E40<>0,+F40-M40,"") -> 2411.57 | P40: =IF(E40<>0,O40*G40,"") -> 13721.833
A41: 4.1.5 | B41: 040245 | C41: IOPES | D41: Fornecimento, dobragem e colocação em fôrma, de armadura CA- 50A grossa, diâmetro de 12.5 a 25.0mm ( 1/2 a 1") | E41: kg | F41: 1339.76 | G41: 5.9 | H41: =+IF(E41<>0,F41*G41,"") -> 7904.584 | L41: =IF(E41<>0,K41*G41,"") -> 0 | M41: =+I41+K41 -> 0 | N41: =IF(E41<>0,M41*G41,"") -> 0 | O41: =IF(E41<>0,+F41-M41,"") -> 1339.76 | P41: =IF(E41<>0,O41*G41,"") -> 7904.584
A42: 4.1.6 | B42: 040246 | C42: IOPES | D42: Fornecimento, dobragem e colocação em fôrma, de armadura CA- 60 B fina, diâmetro de 4.0 a 7.0mm | E42: kg | F42: 535.91 | G42: 5.73 | H42: =+IF(E42<>0,F42*G42,"") -> 3070.7643 | L42: =IF(E42<>0,K42*G42,"") -> 0 | M42: =+I42+K42 -> 0 | N42: =IF(E42<>0,M42*G42,"") -> 0 | O42: =IF(E42<>0,+F42-M42,"") -> 535.91 | P42: =IF(E42<>0,O42*G42,"") -> 3070.7643 | Q42: KG | R42: =SUPER!M10-F42 -> 306.76 | S42: =G42 -> 5.73 | T42: =R42*S42 -> 1757.7348
A43: 0403 | D43: SUPER-ESTRUTURA | L43: =IF(E43<>0,K43*G43,"") | M43: =+I43+K43 -> 0 | N43: =IF(E43<>0,M43*G43,"")
A44: 4.1.6 | B44: 040328 | C44: IOPES | D44: Fornecimento, dobragem e colocação em fôrma, de armadura CA- 50A média, diâmetro de 6.3 a 10.0mm | E44: kg | F44: 6642 | G44: 5.69 | H44: =+IF(E44<>0,F44*G44,"") -> 37792.98 | J44: =+IF(E44<>0,I44*G44,"") -> 0 | L44: =IF(E44<>0,K44*G44,"") -> 0 | M44: =+I44+K44 -> 0 | N44: =IF(E44<>0,M44*G44,"") -> 0 | O44: =IF(E44<>0,+F44-M44,"") -> 6642 | P44: =IF(E44<>0,O44*G44,"") -> 37792.98
A45: 4.1.7 | B45: 040330 | C45: IOPES | D45: Fornecimento e aplicação de concreto USINADO Fck=25 MPa - considerandoBOMBEAMENTO (5% de perdas já incluido no custo) (6% de taxa p/concr. bombeavel) | E45: m³ | F45: 237.56 | G45: 246.91 | H45: =+IF(E45<>0,F45*G45,"") -> 58655.94 | J45: =+IF(E45<>0,I45*G45,"") -> 0 | L45: =IF(E45<>0,K45*G45,"") -> 0 | M45: =+I45+K45 -> 0 | N45: =IF(E45<>0,M45*G45,"") -> 0 | O45: =IF(E45<>0,+F45-M45,"") -> 237.56 | P45: =IF(E45<>0,O45*G45,"") -> 58655.94
A46: 4.1.8 | B46: 040332 | C46: IOPES | D46: Fornecimento, dobragem e colocação em fôrma, de armadura CA- 50A grossa, diâmetro de 12.5 a 25.0mm | E46: kg | F46: 13739 | G46: 5.9 | H46: =+IF(E46<>0,F46*G46,"") -> 81060.1 | J46: 0 | L46: =IF(E46<>0,K46*G46,"") -> 0 | M46: =+I46+K46 -> 0 | N46: =IF(E46<>0,M46*G46,"") -> 0 | O46: =IF(E46<>0,+F46-M46,"") -> 13739 | P46: =IF(E46<>0,O46*G46,"") -> 81060.1 | Q46: KG | R46: =SUPER!M28-F46 -> 17410.27 | S46: =G46 -> 5.9 | T46: =R46*S46 -> 102720.59
A47: 4.1.9 | B47: 040333 | C47: IOPES | D47: Fornecimento, dobragem e colocação em fôrma, de armadura CA- 60 B fina, diâmetro de 4.0 a 7.0mm | E47: kg | F47: 2891 | G47: 5.73 | H47: =+IF(E47<>0,F47*G47,"") -> 16565.43 | J47: =+IF(E47<>0,I47*G47,"") -> 0 | L47: 0 | M47: =+I47+K47 -> 0 | N47: =IF(E47<>0,M47*G47,"") -> 0 | O47: =IF(E47<>0,+F47-M47,"") -> 2891 | P47: 16565.43
A48: 4.1.10 | B48: 040337 | C48: IOPES | D48: Fôrma de tábua de madeira de 2.5 x 30.0cm para fundações, levando-se em conta a utilização 5 vezes ( incluido o material, corte, montagem, escoras em eucalipto e desforma) | E48: m² | F48: 274.5 | G48: 92.38 | H48: =+IF(E48<>0,F48*G48,"") -> 25358.31 | L48: =IF(E48<>0,K48*G48,"") -> 0 | M48: =+I48+K48 -> 0 | N48: =IF(E48<>0,M48*G48,"") -> 0 | O48: =IF(E48<>0,+F48-M48,"") -> 274.5 | P48: =IF(E48<>0,O48*G48,"") -> 25358.31
A49: 4.1.11 | B49: 92490 | C49: IOPES | D49: Montagem e desmontagem de fôrma de laje nervurada com cubeta e assoalhão com area média maior que 20m², pé -direito simples, em chapa de madeira compensada resinada, 8 utilizações. | E49: m² | F49: 1529.71 | G49: 29.68 | H49: =+IF(E49<>0,F49*G49,"") -> 45401.793 | L49: =IF(E49<>0,K49*G49,"") -> 0 | M49: =+I49+K49 -> 0 | N49: =IF(E49<>0,M49*G49,"") -> 0 | O49: =IF(E49<>0,+F49-M49,"") -> 1529.71 | P49: =IF(E49<>0,O49*G49,"") -> 45401.793
A50: 5 | D50: PAREDES E PAINÉIS | H50: =SUM(H52:H56) -> 62268.282 | J50: =+IF(E50<>0,I50*G50,"") | L50: =IF(E50<>0,K50*G50,"") | M50: =+I50+K50 -> 0 | N50: =IF(E50<>0,M50*G50,"") | P50: =IF(E50<>0,O50*G50,"")
A51: 0502 | D51: PLACAS E PAINÉIS DIVISÓRIOS | L51: =IF(E51<>0,K51*G51,"") | M51: =+I51+K51 -> 0 | N51: =IF(E51<>0,M51*G51,"")
A52: 5.1.1 | B52: 050205 | C52: IOPES | D52: Divisória de granito com 3cm de espessura, assentada com argamassa de cimento e areia no traço 1:3 | E52: m² | F52: 21.72 | G52: 301.38 | H52: =+IF(E52<>0,F52*G52,"") -> 6545.9736 | J52: 0 | L52: =IF(E52<>0,K52*G52,"") -> 0 | M52: =+I52+K52 -> 0 | N52: =IF(E52<>0,M52*G52,"") -> 0 | O52: =IF(E52<>0,+F52-M52,"") -> 21.72 | P52: =IF(E52<>0,O52*G52,"") -> 6545.9736
A53: 0503 | D53: VERGAS/CONTRAVERGA | L53: =IF(E53<>0,K53*G53,"") | M53: =+I53+K53 -> 0 | N53: =IF(E53<>0,M53*G53,"")
A54: 5.1.2 | B54: 050301 | C54: IOPES | D54: Verga/contraverga reta de concreto armado 10 x 5cm, fck = 15MPa, inclusive forma, armação e desforma | E54: m | F54: 255.2 | G54: 7.02 | H54: =+IF(E54<>0,F54*G54,"") -> 1791.504 | J54: 0 | L54: =IF(E54<>0,K54*G54,"") -> 0 | M54: =+I54+K54 -> 0 | N54: =IF(E54<>0,M54*G54,"") -> 0 | O54: =IF(E54<>0,+F54-M54,"") -> 255.2 | P54: =IF(E54<>0,O54*G54,"") -> 1791.504
D55: ALEVNARIA DE VEDAÇÃO EMPREGANDO ARGAMSSA DE CIMENTO, CAL E AREIA | L55: =IF(E55<>0,K55*G55,"") | M55: =+I55+K55 -> 0 | N55: =IF(E55<>0,M55*G55,"")
A56: 5.1.3 | B56: 050606 | C56: IOPES | D56: Alvenaria de blocos cerâmicos 10 furos 10x20x20cm, assentados c/argamassa de cimento, cal hidratada CH1 e areia traço 1:0,5:8, esp. das juntas 12mm e esp. das paredes s/revestimento, 10 ( bloco comprado na fábrica, posto obra) | E56: m² | F56: 1651.28 | G56: 32.66 | H56: =+IF(E56<>0,F56*G56,"") -> 53930.805 | J56: 0 | L56: =IF(E56<>0,K56*G56,"") -> 0 | M56: =+I56+K56 -> 0 | N56: =IF(E56<>0,M56*G56,"") -> 0 | O56: =IF(E56<>0,+F56-M56,"") -> 1651.28 | P56: 53930.805
A57: 6 | D57: ESQUADRIAS DE MADEIRA | H57: =SUM(H59:H63) -> 17124.728 | L57: =IF(E57<>0,K57*G57,"") | M57: =+I57+K57 -> 0 | N57: =IF(E57<>0,M57*G57,"") | P57: =IF(E57<>0,O57*G57,"")
A58: 0601 | D58: MARCOS E ALIZARES | L58: =IF(E58<>0,K58*G58,"") | M58: =+I58+K58 -> 0 | N58: =IF(E58<>0,M58*G58,"")
A59: 6.1.1 | B59: 060103 | C59: IOPES | D59: Marco de madeira de lei de 1ª (peroba, Iê, Angeim Pedra ou equivalente) com 15x3 cm de batente, nas dimensões de 0.80 x 2.10 m) | E59: und | F59: 8 | G59: 168.1 | H59: =+IF(E59<>0,F59*G59,"") -> 1344.8 | J59: =+IF(E59<>0,I59*G59,"") -> 0 | L59: =IF(E59<>0,K59*G59,"") -> 0 | M59: =+I59+K59 -> 0 | N59: =IF(E59<>0,M59*G59,"") -> 0 | O59: =IF(E59<>0,+F59-M59,"") -> 8 | P59: =IF(E59<>0,O59*G59,"") -> 1344.8
A60: 6.1.2 | B60: 061902 | C60: IOPES | D60: Porta em madeira de lei tipo angelim Pedra ou equi.c/ enchimento em madeira de 1ª qualidade esp. 30mm, com visor de vidro, inclusive alizares, dobradiças e fechaduras externas em latão cromao La fonte/equiv. exclusive marco, nas dimensões 0.80 x 2.10 m | E60: und | F60: 8 | G60: 790.13 | H60: =+IF(E60<>0,F60*G60,"") -> 6321.04 | J60: =+IF(E60<>0,I60*G60,"") -> 0 | L60: =IF(E60<>0,K60*G60,"") -> 0 | M60: =+I60+K60 -> 0 | N60: =IF(E60<>0,M60*G60,"") -> 0 | O60: =IF(E60<>0,+F60-M60,"") -> 8 | P60: =IF(E60<>0,O60*G60,"") -> 6321.04
A61: 6.1.3 | B61: 1924 | C61: ORSE | D61: Revestimento com chapa em fórmica brilhante, esp = 1,3mm, colada c/ formicola ou similar | E61: m² | F61: 26.88 | G61: 46.6 | H61: =+IF(E61<>0,F61*G61,"") -> 1252.608 | L61: =IF(E61<>0,K61*G61,"") -> 0 | M61: =+I61+K61 -> 0 | N61: =IF(E61<>0,M61*G61,"") -> 0 | O61: =IF(E61<>0,+F61-M61,"") -> 26.88 | P61: =IF(E61<>0,O61*G61,"") -> 1252.608
A62: 6.1.4 | B62: 3625 | C62: ORSE | D62: Porta em madeira compensada (canela), lisa, semi-ôca, (0.60 x 1.60 a 1.80m), revestida c/ fórmica, inclusive batentes e ferragens ( livre/ocupado) | E62: und | F62: 8 | G62: 511.51 | H62: =+IF(E62<>0,F62*G62,"") -> 4092.08 | L62: =IF(E62<>0,K62*G62,"") -> 0 | M62: =+I62+K62 -> 0 | N62: =IF(E62<>0,M62*G62,"") -> 0 | O62: =IF(E62<>0,+F62-M62,"") -> 8 | P62: =IF(E62<>0,O62*G62,"") -> 4092.08
A63: 6.1.5 | B63: 3764 | C63: ORSE | D63: Porta em madeira compensada (canela), lisa, semi-ôca, (0.80 x 2.10m), revestida c/ fórmica, inclusive batentes e ferragens ( livre/ocupado) | E63: und | F63: 6 | G63: 685.7 | H63: =+IF(E63<>0,F63*G63,"") -> 4114.2 | L63: =IF(E63<>0,K63*G63,"") -> 0 | M63: =+I63+K63 -> 0 | N63: =IF(E63<>0,M63*G63,"") -> 0 | O63: =IF(E63<>0,+F63-M63,"") -> 6 | P63: =IF(E63<>0,O63*G63,"") -> 4114.2
A64: 7 | D64: ESQUADRIAS METÁLICAS | H64: =SUM(H66:H67) -> 38651.444 | L64: =IF(E64<>0,K64*G64,"") | M64: =+I64+K64 -> 0 | N64: =IF(E64<>0,M64*G64,"")
A65: 0717 | D65: ESQUADRIAS METÁLICAS (M²) | L65: =IF(E65<>0,K65*G65,"") | M65: =+I65+K65 -> 0 | N65: =IF(E65<>0,M65*G65,"")
A66: 7.1.1 | B66: 071704 | C66: IOPES | D66: Porta de abrir tipo veneziana em alumínio anodizado, linha 25, completa, incl. puxador com tranca, caixilho, alizar e contramarco. | E66: m² | F66: 58.81 | G66: 462.53 | H66: =+IF(E66<>0,F66*G66,"") -> 27201.389 | J66: =+IF(E66<>0,I66*G66,"") -> 0 | L66: =IF(E66<>0,K66*G66,"") -> 0 | M66: =+I66+K66 -> 0 | N66: =IF(E66<>0,M66*G66,"") -> 0 | O66: =IF(E66<>0,+F66-M66,"") -> 58.81 | P66: =IF(E66<>0,O66*G66,"") -> 27201.389
A67: 7.1.2 | B67: 9074 | C67: IOPES | D67: Brise em perfil "C" de alumínio dobrado anodizado branco. | E67: m² | F67: 72.09 | G67: 158.83 | H67: =+IF(E67<>0,F67*G67,"") -> 11450.055 | L67: =IF(E67<>0,K67*G67,"") -> 0 | M67: =+I67+K67 -> 0 | N67: =IF(E67<>0,M67*G67,"") -> 0 | O67: =IF(E67<>0,+F67-M67,"") -> 72.09 | P67: =IF(E67<>0,O67*G67,"") -> 11450.055
A68: 8 | D68: VIDROS E ESPELHOS | H68: =SUM(H70:H73) -> 47237.301 | L68: =IF(E68<>0,K68*G68,"") | M68: =+I68+K68 -> 0 | N68: =IF(E68<>0,M68*G68,"")
A69: 0801 | D69: VIDROS PARA ESQUADRIAS | L69: =IF(E69<>0,K69*G69,"") | M69: =+I69+K69 -> 0 | N69: =IF(E69<>0,M69*G69,"")
A70: 8.1.1 | B70: 1884 | C70: ORSE | D70: Vidro temperado 8mm, liso, transparente, com ferragens | E70: m² | F70: 116.51 | G70: 181.79 | H70: =+IF(E70<>0,F70*G70,"") -> 21180.353 | J70: =+IF(E70<>0,I70*G70,"") -> 0 | L70: =IF(E70<>0,K70*G70,"") -> 0 | M70: =+I70+K70 -> 0 | N70: =IF(E70<>0,M70*G70,"") -> 0 | O70: =IF(E70<>0,+F70-M70,"") -> 116.51 | P70: =IF(E70<>0,O70*G70,"") -> 21180.353
A71: 8.1.2 | B71: 1885 | C71: ORSE | D71: Vidro temperado 10mm, liso transparente, com ferragens | E71: m² | F71: 76.62 | G71: 267.98 | H71: =+IF(E71<>0,F71*G71,"") -> 20532.628 | J71: =+IF(E71<>0,I71*G71,"") -> 0 | L71: =IF(E71<>0,K71*G71,"") -> 0 | M71: =+I71+K71 -> 0 | N71: =IF(E71<>0,M71*G71,"") -> 0 | O71: =IF(E71<>0,+F71-M71,"") -> 76.62 | P71: =IF(E71<>0,O71*G71,"") -> 20532.628
A72: 0802 | D72: ESPELHOS | L72: =IF(E72<>0,K72*G72,"") | M72: =+I72+K72 -> 0 | N72: =IF(E72<>0,M72*G72,"")
A73: 8.1.3 | B73: 080203 | C73: IOPES | D73: Espelho prata esp. 4mm, sobre caixa de compensado colado revestido com fórmica e fixado com parafuso cromado e bucha, dim. 1.80 x 0.40m, conforme detalhe em projeto | E73: m² | F73: 16 | G73: 345.27 | H73: =+IF(E73<>0,F73*G73,"") -> 5524.32 | J73: =+IF(E73<>0,I73*G73,"") -> 0 | L73: =IF(E73<>0,K73*G73,"") -> 0 | M73: =+I73+K73 -> 0 | N73: =IF(E73<>0,M73*G73,"") -> 0 | O73: =IF(E73<>0,+F73-M73,"") -> 16 | P73: =IF(E73<>0,O73*G73,"") -> 5524.32
A74: 9 | D74: COBERTURA | H74: =SUM(H76:H87) -> 216738.2 | L74: =IF(E74<>0,K74*G74,"") | M74: =+I74+K74 -> 0 | N74: =IF(E74<>0,M74*G74,"")
A75: 0901 | D75: ESTRUTURA PARA TELHADO | L75: =IF(E75<>0,K75*G75,"") | M75: =+I75+K75 -> 0 | N75: =IF(E75<>0,M75*G75,"")
A76: 9.1.1 | B76: 090102 | C76: IOPES | D76: Estrutura de madeira de lei tipo Paraju, peroba mica, angelim pedra ou equivalente para telhado de telha ondulada de fibrocimento esp. 6mm, com pontaleste e caibros, inclusive travamento com cupinicida, exclusive telhas | E76: m² | F76: 1110.8 | G76: 61.61 | H76: =+IF(E76<>0,F76*G76,"") -> 68436.388 | J76: =+IF(E76<>0,I76*G76,"") -> 0 | L76: =IF(E76<>0,K76*G76,"") -> 0 | M76: =+I76+K76 -> 0 | N76: =IF(E76<>0,M76*G76,"") -> 0 | O76: =IF(E76<>0,+F76-M76,"") -> 1110.8 | P76: =IF(E76<>0,O76*G76,"") -> 68436.388
A77: 9.1.2 | B77: 73970 | C77: IOPES | D77: Estrutura metalica em aco estrtural perfil I 6 x 3 3/8 | E77: kg | F77: 938.52 | G77: 6.31 | H77: =+IF(E77<>0,F77*G77,"") -> 5922.0612 | L77: =IF(E77<>0,K77*G77,"") -> 0 | M77: =+I77+K77 -> 0 | N77: =IF(E77<>0,M77*G77,"") -> 0 | O77: =IF(E77<>0,+F77-M77,"") -> 938.52 | P77: =IF(E77<>0,O77*G77,"") -> 5922.0612
A78: 0902 | D78: TELHADO | L78: =IF(E78<>0,K78*G78,"") | M78: =+I78+K78 -> 0 | N78: =IF(E78<>0,M78*G78,"")
A79: 9.1.3 | B79: 090202 | C79: IOPES | D79: Cobertura nova de telhas onduladas de fibrocimento 6.0mm, inclusive cumeeiras e acessórios de fixação | E79: m² | F79: 1110.8 | G79: 29.96 | H79: =+IF(E79<>0,F79*G79,"") -> 33279.568 | L79: =IF(E79<>0,K79*G79,"") -> 0 | M79: =+I79+K79 -> 0 | N79: =IF(E79<>0,M79*G79,"") -> 0 | O79: =IF(E79<>0,+F79-M79,"") -> 1110.8 | P79: =IF(E79<>0,O79*G79,"") -> 33279.568
A80: 9.1.4 | B80: 3657 | C80: ORSE | D80: Vidro laminado 8mm (4+4mm), incolor | E80: m² | F80: 85.32 | G80: 472.04 | H80: =+IF(E80<>0,F80*G80,"") -> 40274.453 | L80: =IF(E80<>0,K80*G80,"") -> 0 | M80: =+I80+K80 -> 0 | N80: =IF(E80<>0,M80*G80,"") -> 0 | O80: =IF(E80<>0,+F80-M80,"") -> 85.32 | P80: =IF(E80<>0,O80*G80,"") -> 40274.453
A81: 9.1.5 | B81: 3388 | C81: ORSE | D81: Madeiramento em pau d'arco (pergolado) | E81: m³ | F81: 5.28 | G81: 6606.14 | H81: =+IF(E81<>0,F81*G81,"") -> 34880.419 | L81: =IF(E81<>0,K81*G81,"") -> 0 | M81: =+I81+K81 -> 0 | N81: =IF(E81<>0,M81*G81,"") -> 0 | O81: =IF(E81<>0,+F81-M81,"") -> 5.28 | P81: =IF(E81<>0,O81*G81,"") -> 34880.419
A82: 0903 | D82: RUFOS E CALHAS | M82: =+I82+K82 -> 0 | N82: =IF(E82<>0,M82*G82,"")
A83: 9.1.6 | B83: 090301 | C83: IOPES | D83: Rufo de concreto armado fck=15MPa, nas dimensões de 30x5 cm, moldado "in loco" | E83: m | F83: 68.1 | G83: 91.52 | H83: =+IF(E83<>0,F83*G83,"") -> 6232.512 | J83: =+IF(E83<>0,I83*G83,"") -> 0 | L83: =IF(E83<>0,K83*G83,"") -> 0 | M83: =+I83+K83 -> 0 | N83: =IF(E83<>0,M83*G83,"") -> 0 | O83: =IF(E83<>0,+F83-M83,"") -> 68.1 | P83: =IF(E83<>0,O83*G83,"") -> 6232.512
A84: 9.1.7 | B84: 090305 | C84: IOPES | D84: Calha de concreto armado fck=15MPA em ''U'' nas dimensões de 38x56 cm conforme detalhes em projeto | E84: m | F84: 65.12 | G84: 230.96 | H84: =+IF(E84<>0,F84*G84,"") -> 15040.115 | L84: =IF(E84<>0,K84*G84,"") -> 0 | M84: =+I84+K84 -> 0 | N84: =IF(E84<>0,M84*G84,"") -> 0 | O84: =IF(E84<>0,+F84-M84,"") -> 65.12 | P84: =IF(E84<>0,O84*G84,"") -> 15040.115
A85: 0904 | D85: PLATIBANDA | L85: =IF(E85<>0,K85*G85,"") | M85: =+I85+K85 -> 0 | N85: =IF(E85<>0,M85*G85,"")
A86: 9.1.8 | B86: 090403 | C86: IOPES | D86: Platibanda de alvenaria de bloco cerâmico 10x20x20cm, assentado com argamassa de cimneto, cal hidratada CH1 e areia no traço 1:0,5:8, amarrada com pilaretes em conc. arm. a cada 2m (H=1.0m), excl. revest. | E86: m | F86: 148.05 | G86: 66.89 | H86: =+IF(E86<>0,F86*G86,"") -> 9903.0645 | L86: =IF(E86<>0,K86*G86,"") -> 0 | M86: =+I86+K86 -> 0 | N86: =IF(E86<>0,M86*G86,"") -> 0 | O86: =IF(E86<>0,+F86-M86,"") -> 148.05 | P86: =IF(E86<>0,O86*G86,"") -> 9903.0645
A87: 9.1.9 | C87: IOPES | D87: Platibanda de alvenaria de bloco cerâmico 10x20x20cm, assentado com argamassa de cimneto, cal hidratada CH1 e areia no traço 1:0,5:8, amarrada com pilaretes em conc. arm. a cada 2m (H=1.7m), excl. revest. | E87: m | F87: 26.9 | G87: 102.96 | H87: =+IF(E87<>0,F87*G87,"") -> 2769.624 | L87: =IF(E87<>0,K87*G87,"") -> 0 | M87: =+I87+K87 -> 0 | N87: =IF(E87<>0,M87*G87,"") -> 0 | O87: =IF(E87<>0,+F87-M87,"") -> 26.9 | P87: =IF(E87<>0,O87*G87,"") -> 2769.624
A88: 10 | D88: IMPERMEABILIZAÇÃO | H88: =SUM(H90:H92) -> 71441.963 | J88: =+IF(E88<>0,I88*G88,"") | L88: =IF(E88<>0,K88*G88,"") | M88: =+I88+K88 -> 0 | N88: =IF(E88<>0,M88*G88,"") | O88: =IF(E88<>0,+F88-M88,"") | P88: =IF(E88<>0,O88*G88,"")
A89: 1002 | D89: IMPERMEABILIZAÇÃO CALHAS, LAJES DESCOBERTAS, BALDRAMES, PAREDES E JARDINEIRAS | L89: =IF(E89<>0,K89*G89,"") | M89: =+I89+K89 -> 0 | N89: =IF(E89<>0,M89*G89,"")
A90: 10.1.1 | B90: 100202 | C90: IOPES | D90: Impermeabilização com argamassa de igol 2 - marca de refência Sika | E90: m² | F90: 87.42 | G90: 29.89 | H90: =+IF(E90<>0,F90*G90,"") -> 2612.9838 | J90: =+IF(E90<>0,I90*G90,"") -> 0 | L90: =IF(E90<>0,K90*G90,"") -> 0 | M90: =+I90+K90 -> 0 | N90: =IF(E90<>0,M90*G90,"") -> 0 | O90: =IF(E90<>0,+F90-M90,"") -> 87.42 | P90: =IF(E90<>0,O90*G90,"") -> 2612.9838
A91: 10.1.2 | B91: 100203 | C91: IOPES | D91: Pintura impermeabilizante com igolflex ou equivalente a 3 demãos | E91: m² | F91: 87.42 | G91: 26.11 | H91: =+IF(E91<>0,F91*G91,"") -> 2282.5362 | J91: =+IF(E91<>0,I91*G91,"") -> 0 | L91: =IF(E91<>0,K91*G91,"") -> 0 | M91: =+I91+K91 -> 0 | N91: =IF(E91<>0,M91*G91,"") -> 0 | O91: =IF(E91<>0,+F91-M91,"") -> 87.42 | P91: =IF(E91<>0,O91*G91,"") -> 2282.5362
A92: 10.1.3 | B92: 100208 | C92: IOPES | D92: Índice de imperm. c/ manta asfáltica atendendo NBR 9952, asfalto polimerizado esp. 3mm, reforço c/ filme int. polietileno, reg. base c/ arg. 1:4 esp. mín. 15mm, proteção mec. arg. 1:4 esp. 20mm e juntas dilat. | E92: m² | F92: 455.86 | G92: 145.98 | H92: =+IF(E92<>0,F92*G92,"") -> 66546.443 | J92: =+IF(E92<>0,I92*G92,"") -> 0 | L92: =IF(E92<>0,K92*G92,"") -> 0 | M92: =+I92+K92 -> 0 | N92: =IF(E92<>0,M92*G92,"") -> 0 | O92: =IF(E92<>0,+F92-M92,"") -> 455.86 | P92: =IF(E92<>0,O92*G92,"") -> 66546.443
A93: 11 | D93: TETOS E FORROS | H93: =SUM(H95:H96) -> 39032.252 | L93: =IF(E93<>0,K93*G93,"") | M93: =+I93+K93 -> 0 | N93: =IF(E93<>0,M93*G93,"")
A94: 1102 | D94: REBAIXAMENTOS | L94: =IF(E94<>0,K94*G94,"") | M94: =+I94+K94 -> 0 | N94: =IF(E94<>0,M94*G94,"")
A95: 10.1.4 | B95: 110201 | C95: IOPES | D95: Forro de gesso acabamento tipo liso | E95: m² | F95: 1505.53 | G95: 22.79 | H95: =+IF(E95<>0,F95*G95,"") -> 34311.029 | J95: =+IF(E95<>0,I95*G95,"") -> 0 | L95: =IF(E95<>0,K95*G95,"") -> 0 | M95: =+I95+K95 -> 0 | N95: =IF(E95<>0,M95*G95,"") -> 0 | O95: =IF(E95<>0,+F95-M95,"") -> 1505.53 | P95: =IF(E95<>0,O95*G95,"") -> 34311.029
A96: 10.1.5 | B96: 1951 | C96: ORSE | D96: Sanca ou cimalha em gesso I = 6cm | E96: m | F96: 925.73 | G96: 5.1 | H96: =+IF(E96<>0,F96*G96,"") -> 4721.223 | J96: =+IF(E96<>0,I96*G96,"") -> 0 | L96: =IF(E96<>0,K96*G96,"") -> 0 | M96: =+I96+K96 -> 0 | N96: =IF(E96<>0,M96*G96,"") -> 0 | O96: =IF(E96<>0,+F96-M96,"") -> 925.73 | P96: =IF(E96<>0,O96*G96,"") -> 4721.223
A97: 12 | D97: ACABAMENTOS | H97: =SUM(H98:H102) -> 161575.28 | L97: =IF(E97<>0,K97*G97,"") | M97: =+I97+K97 -> 0 | N97: =IF(E97<>0,M97*G97,"")
A98: 12.1.1 | B98: 120236 | C98: IOPES | D98: Cerâmica retificada, biancogres/equiv. assentado com argamassa de cimento colante, inclusive rejuntamento com argamssa pre- fabricada para rejunte | E98: m² | F98: 640.66 | G98: 40.81 | H98: =+IF(E98<>0,F98*G98,"") -> 26145.335 | J98: =+IF(E98<>0,I98*G98,"") -> 0 | L98: =IF(E98<>0,K98*G98,"") -> 0 | M98: =+I98+K98 -> 0 | N98: =IF(E98<>0,M98*G98,"") -> 0 | O98: =IF(E98<>0,+F98-M98,"") -> 640.66 | P98: =IF(E98<>0,O98*G98,"") -> 26145.335
A99: 12.1.2 | B99: 130233 | C99: IOPES | D99: Porcelanato polido, acabamento acetinado, dim. 60x60cm, ref. Potobello/equiv., utilizndo dupla colagem de argamassa colante para porcelanato tipo ACIII e rejunte 1mm para porcelanato | E99: m² | F99: 778.32 | G99: 68.75 | H99: =+IF(E99<>0,F99*G99,"") -> 53509.5 | L99: =IF(E99<>0,K99*G99,"") -> 0 | M99: =+I99+K99 -> 0 | N99: =IF(E99<>0,M99*G99,"") -> 0 | O99: =IF(E99<>0,+F99-M99,"") -> 778.32 | P99: =IF(E99<>0,O99*G99,"") -> 53509.5
A100: 1203 | D100: REVESTIMENT EMPREGANDO ARGAMASSA DE CIMENTO, CAL E AREIA | L100: =IF(E100<>0,K100*G100,"") | M100: =+I100+K100 -> 0 | N100: =IF(E100<>0,M100*G100,"")
...

Sheet INFRA
P2: PORTAL CLUBE | V2: ALT.MEDIA DAS SAPATAS
V3: =AVERAGE(R7:R39) -> 0.37727273
D4: RESUMO DE QUANTITATIVO DAS SAPATAS
A6: ITEM | B6: QTD. | C6: LARG.(M) | E6: COMP(M) | G6: ALT.(m) | H6: VOL.(M3) | I6: ALT.(SAIA) | J6: CONCRET | K6: AREA SAP. | M6: ITEM | N6: QTD. | O6: LARG.(M) | P6: COMP(M) | Q6: ALT.MEDIA(SAIA) | R6: ALT.SAIA REAL | S6: FORMA.SAP (M2) | T6: SEÇAO.PILAR (CM) | V6: ALT.PILARETE | W6: FORMA.PILAR | X6: VOL.CONC PILAR
A7: S1 E S2 | B7: 2 | C7: 1 | D7: 1.2 | E7: 1 | F7: 1.2 | G7: 0.93 | H7: =(D7*F7*G7)*B7 -> 2.6784 | I7: 0.25 | J7: =(C7*E7*I7)*B7 -> 0.5 | K7: =(C7*E7)*B7 -> 2 | M7: S1 E S2 | N7: 2 | O7: 1 | P7: 1 | Q7: 0.25 | R7: 0.3 | S7: =((O7*R7*2)+(R7*P7*2))*N7 -> 2.4 | T7: 0.2 | U7: 0.4 | V7: =G7-$V$3 -> 0.55272727 | W7: =((T7*V7*2)+(U7*V7*2))*N7 -> 1.3265455 | X7: =(T7*U7)*V7 -> 0.044218182
A8: S3 | B8: 1 | C8: 1.1 | D8: 1.3 | E8: 1.1 | F8: 1.3 | G8: 0.98 | H8: =(D8*F8*G8)*B8 -> 1.6562 | I8: 0.3 | J8: =(C8*E8*I8)*B8 -> 0.363 | K8: =(C8*E8)*B8 -> 1.21 | M8: S3 | N8: 1 | O8: 1.1 | P8: 1.1 | Q8: 0.3 | R8: 0.35 | S8: =((O8*R8*2)+(R8*P8*2))*N8 -> 1.54 | T8: 0.2 | U8: 0.4 | V8: =G8-$V$3 -> 0.60272727 | W8: =((T8*V8*2)+(U8*V8*2))*N8 -> 0.72327273 | X8: =(T8*U8)*V8 -> 0.048218182
A9: S4=S28 | B9: 2 | C9: 1 | D9: 1.2 | E9: 1 | F9: 1.2 | G9: 0.93 | H9: =(D9*F9*G9)*B9 -> 2.6784 | I9: 0.25 | J9: =(C9*E9*I9)*B9 -> 0.5 | K9: =(C9*E9)*B9 -> 2 | M9: S4=S28 | N9: 2 | O9: 1 | P9: 1 | Q9: 0.25 | R9: 0.3 | S9: =((O9*R9*2)+(R9*P9*2))*N9 -> 2.4 | T9: 0.2 | U9: 0.4 | V9: =G9-$V$3 -> 0.55272727 | W9: =((T9*V9*2)+(U9*V9*2))*N9 -> 1.3265455 | X9: =(T9*U9)*V9 -> 0.044218182
A10: S5=S6 | B10: 2 | C10: 1.2 | D10: 1.4 | E10: 1.2 | F10: 1.4 | G10: 0.93 | H10: =(D10*F10*G10)*B10 -> 3.6456 | I10: 0.325 | J10: =(C10*E10*I10)*B10 -> 0.936 | K10: =(C10*E10)*B10 -> 2.88 | M10: S5=S6 | N10: 2 | O10: 1.2 | P10: 1.2 | Q10: 0.325 | R10: 0.4 | S10: =((O10*R10*2)+(R10*P10*2))*N10 -> 3.84 | T10: 0.2 | U10: 0.4 | V10: =G10-$V$3 -> 0.55272727 | W10: =((T10*V10*2)+(U10*V10*2))*N10 -> 1.3265455 | X10: =(T10*U10)*V10 -> 0.044218182
A11: S7 | B11: 1 | C11: 1.3 | D11: 1.5 | E11: 1.3 | F11: 1.5 | G11: 1.03 | H11: =(D11*F11*G11)*B11 -> 2.3175 | I11: 0.325 | J11: =(C11*E11*I11)*B11 -> 0.54925 | K11: =(C11*E11)*B11 -> 1.69 | M11: S7 | N11: 1 | O11: 1.3 | P11: 1.3 | Q11: 0.325 | R11: 0.4 | S11: =((O11*R11*2)+(R11*P11*2))*N11 -> 2.08 | T11: 0.2 | U11: 0.4 | V11: =G11-$V$3 -> 0.65272727 | W11: =((T11*V11*2)+(U11*V11*2))*N11 -> 0.78327273 | X11: =(T11*U11)*V11 -> 0.052218182
A12: S8=S9 | B12: 2 | C12: 1 | D12: 1.2 | E12: 1 | F12: 1.2 | G12: 0.93 | H12: =(D12*F12*G12)*B12 -> 2.6784 | I12: 0.25 | J12: =(C12*E12*I12)*B12 -> 0.5 | K12: =(C12*E12)*B12 -> 2 | M12: S8=S9 | N12: 2 | O12: 1 | P12: 1 | Q12: 0.25 | R12: 0.3 | S12: =((O12*R12*2)+(R12*P12*2))*N12 -> 2.4 | T12: 0.2 | U12: 0.4 | V12: =G12-$V$3 -> 0.55272727 | W12: =((T12*V12*2)+(U12*V12*2))*N12 -> 1.3265455 | X12: =(T12*U12)*V12 -> 0.044218182
A13: S10 | B13: 1 | C13: 1.9 | D13: 2.1 | E13: 1.9 | F13: 2.1 | G13: 1.23 | H13: =(D13*F13*G13)*B13 -> 5.4243 | I13: 0.45 | J13: =(C13*E13*I13)*B13 -> 1.6245 | K13: =(C13*E13)*B13 -> 3.61 | M13: S10 | N13: 1 | O13: 1.9 | P13: 1.9 | Q13: 0.45 | R13: 0.5 | S13: =((O13*R13*2)+(R13*P13*2))*N13 -> 3.8 | T13: 0.2 | U13: 0.4 | V13: =G13-$V$3 -> 0.85272727 | W13: =((T13*V13*2)+(U13*V13*2))*N13 -> 1.0232727 | X13: =(T13*U13)*V13 -> 0.068218182
A14: S11 | B14: 1 | C14: 1.1 | D14: 1.3 | E14: 1.1 | F14: 1.3 | G14: 0.93 | H14: =(D14*F14*G14)*B14 -> 1.5717 | I14: 0.3 | J14: =(C14*E14*I14)*B14 -> 0.363 | K14: =(C14*E14)*B14 -> 1.21 | M14: S11 | N14: 1 | O14: 1.1 | P14: 1.1 | Q14: 0.3 | R14: 0.35 | S14: =((O14*R14*2)+(R14*P14*2))*N14 -> 1.54 | T14: 0.2 | U14: 0.4 | V14: =G14-$V$3 -> 0.55272727 | W14: =((T14*V14*2)+(U14*V14*2))*N14 -> 0.66327273 | X14: =(T14*U14)*V14 -> 0.044218182
A15: S12 | B15: 1 | C15: 1 | D15: 1.2 | E15: 1 | F15: 1.2 | G15: 0.93 | H15: =(D15*F15*G15)*B15 -> 1.3392 | I15: 0.25 | J15: =(C15*E15*I15)*B15 -> 0.25 | K15: =(C15*E15)*B15 -> 1 | M15: S12 | N15: 1 | O15: 1 | P15: 1 | Q15: 0.25 | R15: 0.35 | S15: =((O15*R15*2)+(R15*P15*2))*N15 -> 1.4 | T15: 0.2 | U15: 0.4 | V15: =G15-$V$3 -> 0.55272727 | W15: =((T15*V15*2)+(U15*V15*2))*N15 -> 0.66327273 | X15: =(T15*U15)*V15 -> 0.044218182
A16: S13 | B16: 1 | C16: 1.2 | D16: 1.4 | E16: 1.2 | F16: 1.4 | G16: 1.03 | H16: =(D16*F16*G16)*B16 -> 2.0188 | I16: 0.325 | J16: =(C16*E16*I16)*B16 -> 0.468 | K16: =(C16*E16)*B16 -> 1.44 | M16: S13 | N16: 1 | O16: 1.2 | P16: 1.2 | Q16: 0.325 | R16: 0.4 | S16: =((O16*R16*2)+(R16*P16*2))*N16 -> 1.92 | T16: 0.2 | U16: 0.4 | V16: =G16-$V$3 -> 0.65272727 | W16: =((T16*V16*2)+(U16*V16*2))*N16 -> 0.78327273 | X16: =(T16*U16)*V16 -> 0.052218182
A17: S14 | B17: 1 | C17: 1.3 | D17: 1.5 | E17: 1.3 | F17: 1.5 | G17: 1.03 | H17: =(D17*F17*G17)*B17 -> 2.3175 | I17: 0.325 | J17: =(C17*E17*I17)*B17 -> 0.54925 | K17: =(C17*E17)*B17 -> 1.69 | M17: S14 | N17: 1 | O17: 1.3 | P17: 1.3 | Q17: 0.325 | R17: 0.4 | S17: =((O17*R17*2)+(R17*P17*2))*N17 -> 2.08 | T17: 0.2 | U17: 0.5 | V17: =G17-$V$3 -> 0.65272727 | W17: =((T17*V17*2)+(U17*V17*2))*N17 -> 0.91381818 | X17: =(T17*U17)*V17 -> 0.065272727
A18: S15 | B18: 1 | C18: 1.2 | D18: 1.4 | E18: 1.2 | F18: 1.4 | G18: 0.98 | H18: =(D18*F18*G18)*B18 -> 1.9208 | I18: 0.325 | J18: =(C18*E18*I18)*B18 -> 0.468 | K18: =(C18*E18)*B18 -> 1.44 | M18: S15 | N18: 1 | O18: 1.2 | P18: 1.2 | Q18: 0.325 | R18: 0.4 | S18: =((O18*R18*2)+(R18*P18*2))*N18 -> 1.92 | T18: 0.2 | U18: 0.4 | V18: =G18-$V$3 -> 0.60272727 | W18: =((T18*V18*2)+(U18*V18*2))*N18 -> 0.72327273 | X18: =(T18*U18)*V18 -> 0.048218182
... A36: S35 | B36: 1 | C36: 1.2 | D36: 1.4 | E36: 1.2 | F36: 1.4 | G36: 1.11 | H36: =(D36*F36*G36)*B36 -> 2.1756 | I36: 0.325 | J36: =(C36*E36*I36)*B36 -> 0.468 | K36: =(C36*E36)*B36 -> 1.44 | M36: S35 | N36: 1 | O36: 1.2 | P36: 1.2 | Q36: 0.325 | R36: 0.4 | S36: =((O36*R36*2)+(R36*P36*2))*N36 -> 1.92 | T36: 0.2 | U36: 0.4 | V36: =G36-$V$3 -> 0.73272727 | W36: =((T36*V36*2)+(U36*V36*2))*N36 -> 0.87927273 | X36: =(T36*U36)*V36 -> 0.058618182
A37: S36 | B37: 1 | C37: 1 | D37: 1.2 | E37: 1 | F37: 1.2 | G37: 0.96 | H37: =(D37*F37*G37)*B37 -> 1.3824 | I37: 0.25 | J37: 0.25 | K37: =(C37*E37)*B37 -> 1 | M37: S36 | N37: 1 | O37: 1 | P37: 1 | Q37: 0.25 | R37: 0.3 | S37: =((O37*R37*2)+(R37*P37*2))*N37 -> 1.2 | T37: 0.2 | U37: 0.4 | V37: =G37-$V$3 -> 0.58272727 | W37: =((T37*V37*2)+(U37*V37*2))*N37 -> 0.69927273 | X37: =(T37*U37)*V37 -> 0.046618182
A38: S37 | B38: 1 | C38: 1.1 | D38: 1.3 | E38: 1.1 | F38: 1.3 | G38: 1.06 | H38: =(D38*F38*G38)*B38 -> 1.7914 | I38: 0.3 | J38: =(C38*E38*I38)*B38 -> 0.363 | K38: =(C38*E38)*B38 -> 1.21 | M38: S37 | N38: 1 | O38: 1.1 | P38: 1.1 | Q38: 0.3 | R38: 0.35 | S38: =((O38*R38*2)+(R38*P38*2))*N38 -> 1.54 | T38: 0.2 | U38: 0.4 | V38: =G38-$V$3 -> 0.68272727 | W38: =((T38*V38*2)+(U38*V38*2))*N38 -> 0.81927273 | X38: =(T38*U38)*V38 -> 0.054618182
A39: S38 | B39: 1 | C39: 1.1 | D39: 1.3 | E39: 1.1 | F39: 1.3 | G39: 1.01 | H39: =(D39*F39*G39)*B39 -> 1.7069 | I39: 0.25 | J39: =(C39*E39*I39)*B39 -> 0.3025 | K39: =(C39*E39)*B39 -> 1.21 | M39: S38 | N39: 1 | O39: 1.1 | P39: 1.1 | Q39: 0.25 | R39: 0.3 | S39: =((O39*R39*2)+(R39*P39*2))*N39 -> 1.32 | T39: 0.2 | U39: 0.5 | V39: =G39-$V$3 -> 0.63272727 | W39: =((T39*V39*2)+(U39*V39*2))*N39 -> 0.88581818 | X39: =(T39*U39)*V39 -> 0.063272727
A41: TOT GERAL DE ESCAVAÇAO DAS SAPATAS | E41: (M3) | H41: =SUM(H7:H39) -> 84.4938 | M41: TOT.GER FORMAS P/SAPATAS (M2) | S41: =SUM(S7:S39) -> 71.56
M42: TOT.GER FORMAS P/PILAR DE ARRANQUE (M2) | W42: =SUM(W7:W39) -> 33.074364
A43: TOT.GERAL DE CONCRETO P/ AS SAPATAS | E43: (M3) | J43: =SUM(J7:J39) -> 19.28925 | M43: VOL.FINAL DE CONCRETO DOS PILARETES (M3) | X43: =SUM(X7:X39) -> 2.0010182
D47: RESUMO DE QUANTITATIVO DAS VIGAS BALDRAMES
B49: VIGA BALDRAME 20X40 cm | H49: VIGA BALDRAME P/ESCAVAÇAO 0,4X50 cm | O49: FORMA DAS VIGA BALDRAME 12X40 cm | U49: VOLUME GERAL DE ESCAVAÇAO DA FUNDAÇAO
A50: ITEM | B50: LARG (M) | C50: ALT (M) | D50: COMP (M) | E50: VOL.CON (M3) | H50: ITEM | I50: LARG (M) | J50: ALT (M) | K50: COMP (M) | L50: ESC.(M3) | O50: ITEM | P50: LARG (M) | Q50: ALT (M) | R50: COMP (M) | S50: AREA M2 | U50: VOL.DAS SAPATAS | W50: =H41 -> 84.4938
A51: V1 | B51: 0.2 | C51: 0.4 | D51: 14.85 | E51: =(D51*B51)*C51 -> 1.188 | H51: V1 | I51: 0.4 | J51: 0.5 | K51: 14.85 | L51: =(K51*I51)*J51 -> 2.97 | O51: V1 | P51: 20 | Q51: 0.4 | R51: 14.85 | S51: =(R51*Q51)*2 -> 11.88 | U51: VOL.DAS BALDRAMES | W51: =L115 -> 109.626
A52: V2 | B52: 0.2 | C52: 0.4 | D52: 5.45 | E52: =(D52*B52)*C52 -> 0.436 | H52: V2 | I52: 0.4 | J52: 0.5 | K52: 5.45 | L52: =(K52*I52)*J52 -> 1.09 | O52: V2 | P52: 20 | Q52: 0.4 | R52: 5.45 | S52: =(R52*Q52)*2 -> 4.36 | U52: VOL.FINAL (M3) | W52: =SUM(W50:X51) -> 194.1198
A53: V3 | B53: 0.2 | C53: 0.4 | D53: 11 | E53: =(D53*B53)*C53 -> 0.88 | H53: V3 | I53: 0.4 | J53: 0.5 | K53: 11 | L53: =(K53*I53)*J53 -> 2.2 | O53: V3 | P53: 20 | Q53: 0.4 | R53: 11 | S53: =(R53*Q53)*2 -> 8.8
A54: V4 | B54: 0.2 | C54: 0.4 | D54: 9.1 | E54: =(D54*B54)*C54 -> 0.728 | H54: V4 | I54: 0.4 | J54: 0.5 | K54: 9.1 | L54: =(K54*I54)*J54 -> 1.82 | O54: V4 | P54: 20 | Q54: 0.4 | R54: 9.1 | S54: =(R54*Q54)*2 -> 7.28
A55: V5 | B55: 0.2 | C55: 0.4 | D55: 9.25 | E55: =(D55*B55)*C55 -> 0.74 | H55: V5 | I55: 0.4 | J55: 0.5 | K55: 9.25 | L55: =(K55*I55)*J55 -> 1.85 | O55: V5 | P55: 20 | Q55: 0.4 | R55: 9.25 | S55: =(R55*Q55)*2 -> 7.4 | U55: VOLUME GERAL DE CONCRETO DA FUNDAÇAO
A56: V6 | B56: 0.2 | C56: 0.4 | D56: 1.7 | E56: =(D56*B56)*C56 -> 0.136 | H56: V6 | I56: 0.4 | J56: 0.5 | K56: 1.7 | L56: =(K56*I56)*J56 -> 0.34 | O56: V6 | P56: 20 | Q56: 0.4 | R56: 1.7 | S56: =(R56*Q56)*2 -> 1.36 | U56: VOL.DAS SAPATAS | W56: =J43 -> 19.28925
A57: V7 | B57: 0.2 | C57: 0.4 | D57: 1.7 | E57: =(D57*B57)*C57 -> 0.136 | H57: V7 | I57: 0.4 | J57: 0.5 | K57: 1.7 | L57: =(K57*I57)*J57 -> 0.34 | O57: V7 | P57: 20 | Q57: 0.4 | R57: 1.7 | S57: =(R57*Q57)*2 -> 1.36 | U57: VOL.DAS BALDRAMES | W57: =E115 -> 43.8504
A58: V8 | B58: 0.2 | C58: 0.4 | D58: 14.7 | E58: =(D58*B58)*C58 -> 1.176 | H58: V8 | I58: 0.4 | J58: 0.5 | K58: 14.7 | L58: =(K58*I58)*J58 -> 2.94 | O58: V8 | P58: 20 | Q58: 0.4 | R58: 14.7 | S58: =(R58*Q58)*2 -> 11.76 | U58: VOL.DOS PILARETES | W58: =X43 -> 2.0010182
A59: V9 | B59: 0.2 | C59: 0.4 | D59: 14.5 | E59: =(D59*B59)*C59 -> 1.16 | H59: V9 | I59: 0.4 | J59: 0.5 | K59: 14.5 | L59: =(K59*I59)*J59 -> 2.9 | O59: V9 | P59: 20 | Q59: 0.4 | R59: 14.5 | S59: =(R59*Q59)*2 -> 11.6 | U59: VOL.FINAL (M3) | W59: =SUM(W56:X58)*1.05 -> 68.397702
A60: V10 | B60: 0.2 | C60: 0.4 | D60: 7.95 | E60: =(D60*B60)*C60 -> 0.636 | H60: V10 | I60: 0.4 | J60: 0.5 | K60: 7.95 | L60: =(K60*I60)*J60 -> 1.59 | O60: V10 | P60: 20 | Q60: 0.4 | R60: 7.95 | S60: =(R60*Q60)*2 -> 6.36
A61: V11 | B61: 0.2 | C61: 0.4 | D61: 8.3 | E61: =(D61*B61)*C61 -> 0.664 | H61: V11 | I61: 0.4 | J61: 0.5 | K61: 8.3 | L61: =(K61*I61)*J61 -> 1.66 | O61: V11 | P61: 20 | Q61: 0.4 | R61: 8.3 | S61: =(R61*Q61)*2 -> 6.64
A62: V12 | B62: 0.2 | C62: 0.4 | D62: 11.6 | E62: =(D62*B62)*C62 -> 0.928 | H62: V12 | I62: 0.4 | J62: 0.5 | K62: 11.6 | L62: =(K62*I62)*J62 -> 2.32 | O62: V12 | P62: 20 | Q62: 0.4 | R62: 11.6 | S62: =(R62*Q62)*2 -> 9.28 | U62: VOLUME GERAL DE FORMAS DA FUNDAÇAO
A63: V13 | B63: 0.2 | C63: 0.4 | D63: 6.8 | E63: =(D63*B63)*C63 -> 0.544 | H63: V13 | I63: 0.4 | J63: 0.5 | K63: 6.8 | L63: =(K63*I63)*J63 -> 1.36 | O63: V13 | P63: 20 | Q63: 0.4 | R63: 6.8 | S63: =(R63*Q63)*2 -> 5.44 | U63: VOL.DAS SAPATAS | W63: =S41 -> 71.56
A64: V14 | B64: 0.2 | C64: 0.4 | D64: 2.75 | E64: =(D64*B64)*C64 -> 0.22 | H64: V14 | I64: 0.4 | J64: 0.5 | K64: 2.75 | L64: =(K64*I64)*J64 -> 0.55 | O64: V14 | P64: 20 | Q64: 0.4 | R64: 2.75 | S64: =(R64*Q64)*2 -> 2.2 | U64: VOL.DAS BALDRAMES | W64: =S115 -> 438.504
A65: V15 | B65: 0.2 | C65: 0.4 | D65: 6.8 | E65: =(D65*B65)*C65 -> 0.544 | H65: V15 | I65: 0.4 | J65: 0.5 | K65: 6.8 | L65: =(K65*I65)*J65 -> 1.36 | O65: V15 | P65: 20 | Q65: 0.4 | R65: 6.8 | S65: =(R65*Q65)*2 -> 5.44 | U65: VOL.DOS PILARETES | W65: =W42 -> 33.074364
A66: V16 | B66: 0.2 | C66: 0.4 | D66: 16.35 | E66: =(D66*B66)*C66 -> 1.308 | H66: V16 | I66: 0.4 | J66: 0.5 | K66: 16.35 | L66: =(K66*I66)*J66 -> 3.27 | O66: V16 | P66: 20 | Q66: 0.4 | R66: 16.35 | S66: =(R66*Q66)*2 -> 13.08 | U66: VOL.FINAL (M3) | W66: =SUM(W63:X65) -> 543.13836
A67: V17 | B67: 0.2 | C67: 0.4 | D67: 2.86 | E67: =(D67*B67)*C67 -> 0.2288 | H67: V17 | I67: 0.4 | J67: 0.5 | K67: 2.86 | L67: =(K67*I67)*J67 -> 0.572 | O67: V17 | P67: 20 | Q67: 0.4 | R67: 2.86 | S67: =(R67*Q67)*2 -> 2.288
A68: V18 | B68: 0.2 | C68: 0.4 | D68: 2.75 | E68: =(D68*B68)*C68 -> 0.22 | H68: V18 | I68: 0.4 | J68: 0.5 | K68: 2.75 | L68: =(K68*I68)*J68 -> 0.55 | O68: V18 | P68: 20 | Q68: 0.4 | R68: 2.75 | S68: =(R68*Q68)*2 -> 2.2
A69: V19 | B69: 0.2 | C69: 0.4 | D69: 6.78 | E69: =(D69*B69)*C69 -> 0.5424 | H69: V19 | I69: 0.4 | J69: 0.5 | K69: 6.78 | L69: =(K69*I69)*J69 -> 1.356 | O69: V19 | P69: 20 | Q69: 0.4 | R69: 6.78 | S69: =(R69*Q69)*2 -> 5.424
A70: V20 | B70: 0.2 | C70: 0.4 | D70: 16.31 | E70: =(D70*B70)*C70 -> 1.3048 | H70: V20 | I70: 0.4 | J70: 0.5 | K70: 16.31 | L70: =(K70*I70)*J70 -> 3.262 | O70: V20 | P70: 20 | Q70: 0.4 | R70: 16.31 | S70: =(R70*Q70)*2 -> 13.048 | U70: REATERRO MANUAL | Z70: REATERRO CONFORME TERRAPLANAGEM
A71: V21 | B71: 0.2 | C71: 0.4 | D71: 6.8 | E71: =(D71*B71)*C71 -> 0.544 | H71: V21 | I71: 0.4 | J71: 0.5 | K71: 6.8 | L71: =(K71*I71)*J71 -> 1.36 | O71: V21 | P71: 20 | Q71: 0.4 | R71: 6.8 | S71: =(R71*Q71)*2 -> 5.44 | Z71: NIVEL DO ASFALTO 10,40 m
A72: V22 | B72: 0.2 | C72: 0.4 | D72: 6.78 | E72: =(D72*B72)*C72 -> 0.5424 | H72: V22 | I72: 0.4 | J72: 0.5 | K72: 6.78 | L72: =(K72*I72)*J72 -> 1.356 | O72: V22 | P72: 20 | Q72: 0.4 | R72: 6.78 | S72: =(R72*Q72)*2 -> 5.424 | U72: REATERRO MANUAL DAS SAPATAS | Z72: NIVEL DA TERRAPLANAGEM 10,55 m
A73: V23 | B73: 0.2 | C73: 0.4 | D73: 6.8 | E73: =(D73*B73)*C73 -> 0.544 | H73: V23 | I73: 0.4 | J73: 0.5 | K73: 6.8 | L73: =(K73*I73)*J73 -> 1.36 | O73: V23 | P73: 20 | Q73: 0.4 | R73: 6.8 | S73: =(R73*Q73)*2 -> 5.44 | U73: VOL.ESCAVADO - VOL.CONCRETO | X73: =W50-W56 -> 65.20455 | Z73: VOLUME DE ATERRO =1942,50 m3
A74: V24 | B74: 0.2 | C74: 0.4 | D74: 6.78 | E74: =(D74*B74)*C74 -> 0.5424 | H74: V24 | I74: 0.4 | J74: 0.5 | K74: 6.78 | L74: =(K74*I74)*J74 -> 1.356 | O74: V24 | P74: 20 | Q74: 0.4 | R74: 6.78 | S74: =(R74*Q74)*2 -> 5.424
A75: V25 | B75: 0.2 | C75: 0.4 | D75: 16.31 | E75: =(D75*B75)*C75 -> 1.3048 | H75: V25 | I75: 0.4 | J75: 0.5 | K75: 16.31 | L75: =(K75*I75)*J75 -> 3.262 | O75: V25 | P75: 20 | Q75: 0.4 | R75: 16.31 | S75: =(R75*Q75)*2 -> 13.048 | Z75: AREA DA EDIFICAÇAO = 2600 m2
A76: V26 | B76: 0.2 | C76: 0.4 | D76: 6.8 | E76: =(D76*B76)*C76 -> 0.544 | H76: V26 | I76: 0.4 | J76: 0.5 | K76: 6.8 | L76: =(K76*I76)*J76 -> 1.36 | O76: V26 | P76: 20 | Q76: 0.4 | R76: 6.8 | S76: =(R76*Q76)*2 -> 5.44 | U76: REATERRO MANUAL DAS BALDRAMES | Z76: ALTURA DE 10 cm ACIMA DA TERRAPLANAGEM
A77: V27 | B77: 0.2 | C77: 0.4 | D77: 6.8 | E77: =(D77*B77)*C77 -> 0.544 | H77: V27 | I77: 0.4 | J77: 0.5 | K77: 6.8 | L77: =(K77*I77)*J77 -> 1.36 | O77: V27 | P77: 20 | Q77: 0.4 | R77: 6.8 | S77: =(R77*Q77)*2 -> 5.44 | U77: VOL.ESCAVADO - VOL.CONCRETO | X77: =W51-W57-W58 -> 63.774582
A78: V28 | B78: 0.2 | C78: 0.4 | D78: 16.3 | E78: =(D78*B78)*C78 -> 1.304 | H78: V28 | I78: 0.4 | J78: 0.5 | K78: 16.3 | L78: =(K78*I78)*J78 -> 3.26 | O78: V28 | P78: 20 | Q78: 0.4 | R78: 16.3 | S78: =(R78*Q78)*2 -> 13.04 | Z78: VOLUME DE ATERRO DA AREA
A79: V29 | B79: 0.2 | C79: 0.4 | D79: 6.8 | E79: =(D79*B79)*C79 -> 0.544 | H79: V29 | I79: 0.4 | J79: 0.5 | K79: 6.8 | L79: =(K79*I79)*J79 -> 1.36 | O79: V29 | P79: 20 | Q79: 0.4 | R79: 6.8 | S79: =(R79*Q79)*2 -> 5.44
A80: V30 | B80: 0.2 | C80: 0.4 | D80: 2.75 | E80: =(D80*B80)*C80 -> 0.22 | H80: V30 | I80: 0.4 | J80: 0.5 | K80: 2.75 | L80: =(K80*I80)*J80 -> 0.55 | O80: V30 | P80: 20 | Q80: 0.4 | R80: 2.75 | S80: =(R80*Q80)*2 -> 2.2 | U80: TOT.GERAL (M3) | X80: =SUM(X73:X78) -> 128.97913 | Z80: VOL.TOT ATERRO (M3) | AC80: =(0.1*2600)+1942.5 -> 2202.5
A81: V31 | B81: 0.2 | C81: 0.4 | D81: 2.75 | E81: =(D81*B81)*C81 -> 0.22 | H81: V31 | I81: 0.4 | J81: 0.5 | K81: 2.75 | L81: =(K81*I81)*J81 -> 0.55 | O81: V31 | P81: 20 | Q81: 0.4 | R81: 2.75 | S81: =(R81*Q81)*2 -> 2.2
A82: V32 | B82: 0.2 | C82: 0.4 | D82: 36 | E82: =(D82*B82)*C82 -> 2.88 | H82: V32 | I82: 0.4 | J82: 0.5 | K82: 36 | L82: =(K82*I82)*J82 -> 7.2 | O82: V32 | P82: 20 | Q82: 0.4 | R82: 36 | S82: =(R82*Q82)*2 -> 28.8
A83: V33 | B83: 0.2 | C83: 0.4 | D83: 15.5 | E83: =(D83*B83)*C83 -> 1.24 | H83: V33 | I83: 0.4 | J83: 0.5 | K83: 15.5 | L83: =(K83*I83)*J83 -> 3.1 | O83: V33 | P83: 20 | Q83: 0.4 | R83: 15.5 | S83: =(R83*Q83)*2 -> 12.4 | U83: VOLUME FINAL PARA TRANSPORTE (SOBRA M3)
A84: V34 | B84: 0.2 | C84: 0.4 | D84: 2.25 | E84: =(D84*B84)*C84 -> 0.18 | H84: V34 | I84: 0.4 | J84: 0.5 | K84: 2.25 | L84: =(K84*I84)*J84 -> 0.45 | O84: V34 | P84: 20 | Q84: 0.4 | R84: 2.25 | S84: =(R84*Q84)*2 -> 1.8
A85: V35 | B85: 0.2 | C85: 0.4 | D85: 6.13 | E85: =(D85*B85)*C85 -> 0.4904 | H85: V35 | I85: 0.4 | J85: 0.5 | K85: 6.13 | L85: =(K85*I85)*J85 -> 1.226 | O85: V35 | P85: 20 | Q85: 0.4 | R85: 6.13 | S85: =(R85*Q85)*2 -> 4.904 | U85: CONSIDERA O FATOR DE EMPOLAMENTO 30%
A86: V36 | B86: 0.2 | C86: 0.4 | D86: 2.54 | E86: =(D86*B86)*C86 -> 0.2032 | H86: V36 | I86: 0.4 | J86: 0.5 | K86: 2.54 | L86: =(K86*I86)*J86 -> 0.508 | O86: V36 | P86: 20 | Q86: 0.4 | R86: 2.54 | S86: =(R86*Q86)*2 -> 2.032 | U86: VOLUME ESCAVADO (SOBRA) | X86: =W52-X80 -> 65.140668
A87: V37 | B87: 0.2 | C87: 0.4 | D87: 2.54 | E87: =(D87*B87)*C87 -> 0.2032 | H87: V37 | I87: 0.4 | J87: 0.5 | K87: 2.54 | L87: =(K87*I87)*J87 -> 0.508 | O87: V37 | P87: 20 | Q87: 0.4 | R87: 2.54 | S87: =(R87*Q87)*2 -> 2.032 | U87: FATOR DE EMPOLAMENTO | X87: 1.3
A88: V38 | B88: 0.2 | C88: 0.4 | D88: 32.15 | E88: =(D88*B88)*C88 -> 2.572 | H88: V38 | I88: 0.4 | J88: 0.5 | K88: 32.15 | L88: =(K88*I88)*J88 -> 6.43 | O88: V38 | P88: 20 | Q88: 0.4 | R88: 32.15 | S88: =(R88*Q88)*2 -> 25.72
A89: V39 | B89: 0.2 | C89: 0.4 | D89: 4.4 | E89: =(D89*B89)*C89 -> 0.352 | H89: V39 | I89: 0.4 | J89: 0.5 | K89: 4.4 | L89: =(K89*I89)*J89 -> 0.88 | O89: V39 | P89: 20 | Q89: 0.4 | R89: 4.4 | S89: =(R89*Q89)*2 -> 3.52 | U89: VOL.FINAL (M3) | X89: =X86*X87 -> 84.682869
A90: V40 | B90: 0.2 | C90: 0.4 | D90: 4.4 | E90: =(D90*B90)*C90 -> 0.352 | H90: V40 | I90: 0.4 | J90: 0.5 | K90: 4.4 | L90: =(K90*I90)*J90 -> 0.88 | O90: V40 | P90: 20 | Q90: 0.4 | R90: 4.4 | S90: =(R90*Q90)*2 -> 3.52
A91: V41 | B91: 0.2 | C91: 0.4 | D91: 4.4 | E91: =(D91*B91)*C91 -> 0.352 | H91: V41 | I91: 0.4 | J91: 0.5 | K91: 4.4 | L91: =(K91*I91)*J91 -> 0.88 | O91: V41 | P91: 20 | Q91: 0.4 | R91: 4.4 | S91: =(R91*Q91)*2 -> 3.52
A92: V42 | B92: 0.2 | C92: 0.4 | D92: 4.4 | E92: =(D92*B92)*C92 -> 0.352 | H92: V42 | I92: 0.4 | J92: 0.5 | K92: 4.4 | L92: =(K92*I92)*J92 -> 0.88 | O92: V42 | P92: 20 | Q92: 0.4 | R92: 4.4 | S92: =(R92*Q92)*2 -> 3.52
A93: V43 | B93: 0.2 | C93: 0.4 | D93: 2.71 | E93: =(D93*B93)*C93 -> 0.2168 | H93: V43 | I93: 0.4 | J93: 0.5 | K93: 2.71 | L93: =(K93*I93)*J93 -> 0.542 | O93: V43 | P93: 20 | Q93: 0.4 | R93: 2.71 | S93: =(R93*Q93)*2 -> 2.168 | U93: APILOAMENTO DO FUNDO DAS SAPATAS E BALDRAME
A94: V44 | B94: 0.2 | C94: 0.4 | D94: 2.71 | E94: =(D94*B94)*C94 -> 0.2168 | H94: V44 | I94: 0.4 | J94: 0.5 | K94: 2.71 | L94: =(K94*I94)*J94 -> 0.542 | O94: V44 | P94: 20 | Q94: 0.4 | R94: 2.71 | S94: =(R94*Q94)*2 -> 2.168
A95: V45 | B95: 0.2 | C95: 0.4 | D95: 1.6 | E95: =(D95*B95)*C95 -> 0.128 | H95: V45 | I95: 0.4 | J95: 0.5 | K95: 1.6 | L95: =(K95*I95)*J95 -> 0.32 | O95: V45 | P95: 20 | Q95: 0.4 | R95: 1.6 | S95: =(R95*Q95)*2 -> 1.28 | U95: AREA TOTAL DAS SAPATAS (M2) | X95: =SUM(K7:K39) -> 58.73
A96: V46 | B96: 0.2 | C96: 0.4 | D96: 5.5 | E96: =(D96*B96)*C96 -> 0.44 | H96: V46 | I96: 0.4 | J96: 0.5 | K96: 5.5 | L96: =(K96*I96)*J96 -> 1.1 | O96: V46 | P96: 20 | Q96: 0.4 | R96: 5.5 | S96: =(R96*Q96)*2 -> 4.4 | U96: AREA TOTAL DAS BALDRAME (M2) | X96: =D114*B113 -> 101.596
A97: V47 | B97: 0.2 | C97: 0.4 | D97: 1.34 | E97: =(D97*B97)*C97 -> 0.1072 | H97: V47 | I97: 0.4 | J97: 0.5 | K97: 1.34 | L97: =(K97*I97)*J97 -> 0.268 | O97: V47 | P97: 20 | Q97: 0.4 | R97: 1.34 | S97: =(R97*Q97)*2 -> 1.072 | U97: TOT.GERAL (M2) | X97: =X95+X96 -> 160.326
A98: V48 | B98: 0.2 | C98: 0.4 | D98: 3.65 | E98: =(D98*B98)*C98 -> 0.292 | H98: V48 | I98: 0.4 | J98: 0.5 | K98: 3.65 | L98: =(K98*I98)*J98 -> 0.73 | O98: V48 | P98: 20 | Q98: 0.4 | R98: 3.65 | S98: =(R98*Q98)*2 -> 2.92
A99: V49 | B99: 0.2 | C99: 0.4 | D99: 3.65 | E99: =(D99*B99)*C99 -> 0.292 | H99: V49 | I99: 0.4 | J99: 0.5 | K99: 3.65 | L99: =(K99*I99)*J99 -> 0.73 | O99: V49 | P99: 20 | Q99: 0.4 | R99: 3.65 | S99: =(R99*Q99)*2 -> 2.92
A100: V50 | B100: 0.2 | C100: 0.4 | D100: 24.4 | E100: =(D100*B100)*C100 -> 1.952 | H100: V50 | I100: 0.4 | J100: 0.5 | K100: 24.4 | L100: =(K100*I100)*J100 -> 4.88 | O100: V50 | P100: 20 | Q100: 0.4 | R100: 24.4 | S100: =(R100*Q100)*2 -> 19.52
A101: V51 | B101: 0.2 | C101: 0.4 | D101: 29.34 | E101: =(D101*B101)*C101 -> 2.3472 | H101: V51 | I101: 0.4 | J101: 0.5 | K101: 29.34 | L101: =(K101*I101)*J101 -> 5.868 | O101: V51 | P101: 20 | Q101: 0.4 | R101: 29.34 | S101: =(R101*Q101)*2 -> 23.472 | U101: Lastro de brita
A102: V52 | B102: 0.2 | C102: 0.4 | D102: 25.85 | E102: =(D102*B102)*C102 -> 2.068 | H102: V52 | I102: 0.4 | J102: 0.5 | K102: 25.85 | L102: =(K102*I102)*J102 -> 5.17 | O102: V52 | P102: 20 | Q102: 0.4 | R102: 25.85 | S102: =(R102*Q102)*2 -> 20.68
A103: V53 | B103: 0.2 | C103: 0.4 | D103: 14.35 | E103: =(D103*B103)*C103 -> 1.148 | H103: V53 | I103: 0.4 | J103: 0.5 | K103: 14.35 | L103: =(K103*I103)*J103 -> 2.87 | O103: V53 | P103: 20 | Q103: 0.4 | R103: 14.35 | S103: =(R103*Q103)*2 -> 11.48 | U103: lastro de brita (M3) h=5 cm
A104: V54 | B104: 0.2 | C104: 0.4 | D104: 3.95 | E104: =(D104*B104)*C104 -> 0.316 | H104: V54 | I104: 0.4 | J104: 0.5 | K104: 3.95 | L104: =(K104*I104)*J104 -> 0.79 | O104: V54 | P104: 20 | Q104: 0.4 | R104: 3.95 | S104: =(R104*Q104)*2 -> 3.16 | U104: ITEM | V104: COMP (m) | W104: LARG.(m) | X104: ALT.(m) | Y104: VOL(M3)
A105: V55 | B105: 0.2 | C105: 0.4 | D105: 14.4 | E105: =(D105*B105)*C105 -> 1.152 | H105: V55 | I105: 0.4 | J105: 0.5 | K105: 14.4 | L105: =(K105*I105)*J105 -> 2.88 | O105: V55 | P105: 20 | Q105: 0.4 | R105: 14.4 | S105: =(R105*Q105)*2 -> 11.52 | U105: BALDRA | V105: =D114 -> 507.98 | W105: 0.2 | X105: 0.05 | Y105: =V105*X105*W105 -> 5.0798
A106: V56 | B106: 0.2 | C106: 0.4 | D106: 2.65 | E106: =(D106*B106)*C106 -> 0.212 | H106: V56 | I106: 0.4 | J106: 0.5 | K106: 2.65 | L106: =(K106*I106)*J106 -> 0.53 | O106: V56 | P106: 20 | Q106: 0.4 | R106: 2.65 | S106: =(R106*Q106)*2 -> 2.12
A107: V57 | B107: 0.2 | C107: 0.4 | D107: 2.65 | E107: =(D107*B107)*C107 -> 0.212 | H107: V57 | I107: 0.4 | J107: 0.5 | K107: 2.65 | L107: =(K107*I107)*J107 -> 0.53 | O107: V57 | P107: 20 | Q107: 0.4 | R107: 2.65 | S107: =(R107*Q107)*2 -> 2.12 | U107: SAPATAS | V107: AREA.SAPATAS (M2) | X107: ALT.(m) | Y107: VOL(M3)
A108: V58 | B108: 0.2 | C108: 0.4 | D108: 6.25 | E108: =(D108*B108)*C108 -> 0.5 | H108: V58 | I108: 0.4 | J108: 0.5 | K108: 6.25 | L108: =(K108*I108)*J108 -> 1.25 | O108: V58 | P108: 20 | Q108: 0.4 | R108: 6.25 | S108: =(R108*Q108)*2 -> 5 | V108: =X95 -> 58.73 | X108: 0.05 | Y108: =V108*X108 -> 2.9365
A109: V59 | B109: 0.2 | C109: 0.4 | D109: 6.25 | E109: =(D109*B109)*C109 -> 0.5 | H109: V59 | I109: 0.4 | J109: 0.5 | K109: 6.25 | L109: =(K109*I109)*J109 -> 1.25 | O109: V59 | P109: 20 | Q109: 0.4 | R109: 6.25 | S109: =(R109*Q109)*2 -> 5
A110: V60 | B110: 0.2 | C110: 0.4 | D110: 6.25 | E110: =(D110*B110)*C110 -> 0.5 | H110: V60 | I110: 0.4 | J110: 0.5 | K110: 6.25 | L110: =(K110*I110)*J110 -> 1.25 | O110: V60 | P110: 20 | Q110: 0.4 | R110: 6.25 | S110: =(R110*Q110)*2 -> 5 | U110: TOT.GERAL (M3) | Y110: =SUM(Y105,Y108) -> 8.0163
A111: V61 | B111: 0.2 | C111: 0.4 | D111: 6.25 | E111: =(D111*B111)*C111 -> 0.5 | H111: V61 | I111: 0.4 | J111: 0.5 | K111: 6.25 | L111: =(K111*I111)*J111 -> 1.25 | O111: V61 | P111: 20 | Q111: 0.4 | R111: 6.25 | S111: =(R111*Q111)*2 -> 5
A112: V62 | B112: 0.2 | C112: 0.4 | D112: 6.25 | E112: =(D112*B112)*C112 -> 0.5 | H112: V62 | I112: 0.4 | J112: 0.5 | K112: 6.25 | L112: =(K112*I112)*J112 -> 1.25 | O112: V62 | P112: 20 | Q112: 0.4 | R112: 6.25 | S112: =(R112*Q112)*2 -> 5
A113: V63 | B113: 0.2 | C113: 0.4 | D113: 6.25 | E113: =(D113*B113)*C113 -> 0.5 | H113: V63 | I113: 0.4 | J113: 0.5 | K113: 6.25 | L113: =(K113*I113)*J113 -> 1.25 | O113: V63 | P113: 20 | Q113: 0.4 | R113: 6.25 | S113: =(R113*Q113)*2 -> 5
D114: =SUM(D51:D106) -> 507.98 | U114: IMPERMEABILIZAÇAO DA FUNDAÇAO
A115: TOT.GER DE CONCRETO P/BALDRAME (M3) | E115: =SUM(E51:E113) -> 43.8504 | H115: TOT.GER DE ESCAVAÇAO P/BALDRAME( M3) | L115: =SUM(L51:L113) -> 109.626 | O115: TOT.GER DE FORMA P/BALDRAME( M3) | S115: =SUM(S51:S113) -> 438.504
U116: IMPERMEABILIZAÇAO DAS VIGAS BALDRAMES
U117: VIGAS BALDRAME DA EDIFICAÇAO 15X50CM
U118: COMP. (m) | V118: LARG. (m) | W118: ALT(M) | X118: TOT. (m2)
U119: =V105 -> 507.98 | V119: 0.2 | W119: 0.4 | X119: =(U119*W119*2)+(U119*V119) -> 507.98
A121: AREA DO TERRENO (M2) | E121: Locação de obra com gabarito de madeira m2
A122: Area terreno | C122: 3094.93 | E122: 16.56
A123: Area construida | C123: 1434.21 | E123: 2.19
A124: area p/locaçao | C124: 1434.21 | E124: 11
E125: 4.41
...

Sheet SUPER
B2: INFRAESTRUTURA
B4: SAPATAS | L4: RESUMO INFRA
B5: CA-50 | C5: ᴓ10 | D5: ᴓ25 | M5: KG
A6: OK | B6: AÇO | C6: 508.19 | D6: 50.32 | L6: FORMA | M6: =C8+C16 -> 546.56
A7: OK | B7: CONCRETO | C7: 24.85 | L7: CONCRETO | M7: =C7+C15 -> 74.82
A8: OK | B8: FORMA | C8: 71.24 | L8: CA-50 6.3 A 10 | M8: =C6+G14+H14 -> 1378.22
L9: CA-50 12.5 A 25 | M9: =D6+I14 -> 627.76
L10: CA-60 4.0 A 7.0 | M10: =C14+D14 -> 842.67
B11: VIGA BALDRAME
B13: CA-60 | C13: ᴓ05 | D13: ᴓ6.3 | F13: CA-50 | G13: ᴓ08 | H13: ᴓ10 | I13: ᴓ12.5
A14: OK | B14: AÇO | C14: 787.23 | D14: 55.44 | G14: 423.63 | H14: 446.4 | I14: 577.44
A15: OK | B15: CONCRETO | C15: 49.97
A16: OK | B16: FORMA | C16: 475.32
B19: SUPERESTRUTURA
B22: VIGA COBERTURA
L23: RESUMO SUPER
B24: CA-60 | C24: ᴓ05 | D24: ᴓ6.3 | F24: CA-50 | G24: ᴓ08 | H24: ᴓ10 | I24: ᴓ12.5 | M24: KG
A25: OK | B25: AÇO | C25: 289.4 | D25: 99.9 | G25: 198.2 | H25: 385.4 | I25: 777.3 | L25: FORMA | M25: =C27+C34+C42 -> 2244.01
A26: OK | B26: CONCRETO | C26: 18.07 | L26: CONCRETO | M26: =C26+C33+C41 -> 254.262
A27: OK | B27: FORMA | C27: =475.32+120.18 -> 595.5 | L27: CA-50 6.3 A 10 | M27: =G25+H25+G32+H32+C40+D40 -> 3677.2348
L28: CA-50 12.5 A 25 | M28: =I25+I32+F40+G40+H40+I40 -> 31149.27
B29: PILARES | L29: CA-60 4.0 A 7.0 | M29: =C25+D25+C32+D32 -> 723.99216
L30: FORMA,PILARES E VIGAS | M30: =C27+C34 -> 738.3
B31: CA-60 | C31: ᴓ05 | D31: ᴓ6.3 | F31: CA-50 | G31: ᴓ08 | H31: ᴓ10 | I31: ᴓ12.5
B32: AÇO | C32: =B101 -> 334.69216 | H32: =B102 -> 605.4048 | I32: =B103 -> 256.08 | J32: 0
B33: CONCRETO | C33: =O66 -> 10.332
B34: FORMA | C34: =O54 -> 142.8 | L34: LAJE BALDRAME
L35: CA-50 | M35: ᴓ06.3 | N35: ᴓ08 | O35: ᴓ10 | P35: ᴓ12.5 | Q35: ᴓ16 | R35: ᴓ20 | S35: ᴓ25
L36: AÇO | M36: =C40/2 -> 773.235 | N36: =D40/2 -> 470.88 | O36: =E40/2 -> 1389.69 | P36: =F40/2 -> 3020.31 | Q36: =G40/2 -> 4701.15 | R36: =H40/2 -> 5321.88 | S36: =I40/2 -> 2014.605
B37: LAJE | L37: CONCRETO | M37: =C41/2 -> 112.93
L38: FORMA | M38: =C42/2 -> 752.855
B39: CA-50 | C39: ᴓ06.3 | D39: ᴓ08 | E39: ᴓ10 | F39: ᴓ12.5 | G39: ᴓ16 | H39: ᴓ20 | I39: ᴓ25
B40: AÇO | C40: 1546.47 | D40: 941.76 | E40: 2779.38 | F40: 6040.62 | G40: 9402.3 | H40: 10643.76 | I40: 4029.21 | L40: CA-50 6.3 A 10 | M40: =SUM(M36:O36) -> 2633.805
B41: CONCRETO | C41: =ROUND(C42*0.15,2) -> 225.86 | L41: CA-50 12.5 A 25 | M41: =SUM(P36,Q36,R36,S36) -> 15057.945
B42: FORMA | C42: 1505.71 | L42: CA-60 4.0 A 7.0 | M42: 0
A44: QRADRO DE RESUMO DE PILARES
A46: QUADRO DE RESUMO DE AÇO | I46: FORMAS (M2)
A47: AÇO | B47: BIT (mm) | C47: QTD | D47: COMPRIMENTO | G47: PESO+10% kg
D48: UNIT. (cm) | E48: TOTAL(cm) | F48: TOTAL (M) | I48: ITEM | K48: QTD | L48: SEÇÃO (CM) | N48: ALT. (M) | O48: FORMAS (M2)
A49: P1=P2=P11=P12=P13=P17=P19=P36 | B49: 10 | C49: =6*8 -> 48 | D49: 440 | E49: =C49*D49 -> 21120 | F49: =E49/100 -> 211.2 | G49: =(F49*0.63)*1.1 -> 146.3616 | I49: P1 a P37 menos | K49: 21 | L49: 0.2 | M49: 0.4 | N49: 3 | O49: =((L49*N49*2)+(M49*N49*2))*K49 -> 75.6
B50: 5 | C50: 8 | D50: 4263 | E50: =C50*D50 -> 34104 | F50: =E50/100 -> 341.04 | G50: =(F50*0.16)*1.1 -> 60.02304 | I50: P14=P23=18=P20=P21=P26=P22=P24=P32=P25=P34=P38=P27=P30=P31= | K50: 16 | L50: 0.2 | M50: 0.5 | N50: 3 | O50: =((L50*N50*2)+(M50*N50*2))*K50 -> 67.2
A51: P3=P5=P8=P15 | B51: 10 | C51: 24 | D51: 440 | E51: =C51*D51 -> 10560 | F51: =E51/100 -> 105.6 | G51: =(F51*0.63)*1.1 -> 73.1808
B52: 5 | C52: 4 | D52: 4263 | E52: =C52*D52 -> 17052 | F52: =E52/100 -> 170.52 | G52: =(F52*0.16)*1.1 -> 30.01152
A53: P4 | B53: 10 | C53: 8 | D53: 340 | E53: =C53*D53 -> 2720 | F53: =E53/100 -> 27.2 | G53: =(F53*0.63)*1.1 -> 18.8496
B54: 5 | C54: 1 | D54: 4263 | E54: =C54*D54 -> 4263 | F54: =E54/100 -> 42.63 | G54: =(F54*0.16)*1.1 -> 7.50288 | I54: TOTAL GERAL | O54: =O50+O49 -> 142.8
A55: P6 | B55: 10 | C55: 6 | D55: 340 | E55: =C55*D55 -> 2040 | F55: =E55/100 -> 20.4 | G55: =(F55*0.63)*1.1 -> 14.1372
B56: 5 | C56: 1 | D56: 4263 | E56: =C56*D56 -> 4263 | F56: =E56/100 -> 42.63 | G56: =(F56*0.16)*1.1 -> 7.50288
A57: P7 | B57: 10 | C57: 8 | D57: 440 | E57: =C57*D57 -> 3520 | F57: =E57/100 -> 35.2 | G57: =(F57*0.63)*1.1 -> 24.3936
B58: 5 | C58: 1 | D58: 5336 | E58: =C58*D58 -> 5336 | F58: =E58/100 -> 53.36 | G58: =(F58*0.16)*1.1 -> 9.39136 | I58: CONCRETO (M3)
A59: P9=P10 | B59: 10 | C59: 12 | D59: 440 | E59: =C59*D59 -> 5280 | F59: =E59/100 -> 52.8 | G59: =(F59*0.63)*1.1 -> 36.5904
B60: 5 | C60: 2 | D60: 4263 | E60: =C60*D60 -> 8526 | F60: =E60/100 -> 85.26 | G60: =(F60*0.16)*1.1 -> 15.00576 | I60: ITEM | K60: QTD | L60: SEÇÃO (CM) | N60: ALT. (M) | O60: VOLUME (M3)
A61: P14=P23 | B61: 10 | C61: 12 | D61: 340 | E61: =C61*D61 -> 4080 | F61: =E61/100 -> 40.8 | G61: =(F61*0.63)*1.1 -> 28.2744 | I61: P1 a P37 menos | K61: 21 | L61: 0.2 | M61: 0.4 | N61: 3 | O61: =((L61*M61*N61))*K61 -> 5.04
B62: 5 | C62: 2 | D62: 4263 | E62: =C62*D62 -> 8526 | F62: =E62/100 -> 85.26 | G62: 15.00576 | I62: P14=P23=18=P20=P21=P26=P22=P24=P32=P25=P34=P38=P27=P30=P31= | K62: 16 | L62: 0.2 | M62: 0.5 | N62: 3 | O62: =((L62*M62*N62))*K62 -> 4.8
A63: P16 | B63: 10 | C63: 10 | D63: 440 | E63: =C63*D63 -> 4400 | F63: =E63/100 -> 44 | G63: =(F63*0.63)*1.1 -> 30.492
B64: 5 | C64: 1 | D64: 4263 | E64: =C64*D64 -> 4263 | F64: =E64/100 -> 42.63 | G64: =(F64*0.16)*1.1 -> 7.50288
A65: P18 | B65: 10 | C65: 8 | D65: 440 | E65: =C65*D65 -> 3520 | F65: =E65/100 -> 35.2 | G65: =(F65*0.63)*1.1 -> 24.3936
B66: 5 | C66: 1 | D66: 4922 | E66: =C66*D66 -> 4922 | F66: =E66/100 -> 49.22 | G66: =(F66*0.16)*1.1 -> 8.66272 | I66: TOTAL GERAL | O66: =(O62+O61)*1.05 -> 10.332
A67: P20=P21=P26 | B67: 10 | C67: 18 | D67: 340 | E67: =C67*D67 -> 6120 | F67: =E67/100 -> 61.2 | G67: =(F67*0.63)*1.1 -> 42.4116
B68: 5 | C68: 3 | D68: 6095 | E68: =C68*D68 -> 18285 | F68: =E68/100 -> 182.85 | G68: =(F68*0.16)*1.1 -> 32.1816
A69: P22 | B69: 12.5 | C69: 4 | D69: 340 | E69: =C69*D69 -> 1360 | F69: =E69/100 -> 13.6 | G69: =(F69*1)*1.1 -> 14.96
B70: 10 | C70: 10 | D70: 340 | E70: =C70*D70 -> 3400 | F70: =E70/100 -> 34 | G70: =(F70*0.63)*1.1 -> 23.562
B71: 5 | C71: 1 | D71: 7627 | E71: =C71*D71 -> 7627 | F71: =E71/100 -> 76.27 | G71: =(F71*0.16)*1.1 -> 13.42352
A72: P24=P32 | B72: 12.5 | C72: 8 | D72: 340 | E72: =C72*D72 -> 2720 | F72: =E72/100 -> 27.2 | G72: =(F72*1)*1.1 -> 29.92
B73: 10 | C73: 6 | D73: 440 | E73: =C73*D73 -> 2640 | F73: =E73/100 -> 26.4 | G73: =(F73*0.63)*1.1 -> 18.2952
B74: 5 | C74: 2 | D74: 7627 | E74: =C74*D74 -> 15254 | F74: =E74/100 -> 152.54 | G74: =(F74*0.16)*1.1 -> 26.84704
A75: P25=P34=P38 | B75: 12.5 | C75: 14 | D75: 440 | E75: =C75*D75 -> 6160 | F75: =E75/100 -> 61.6 | G75: =(F75*1)*1.1 -> 67.76
B76: 5 | C76: 3 | D76: 6095 | E76: =C76*D76 -> 18285 | F76: =E76/100 -> 182.85 | G76: =(F76*0.16)*1.1 -> 32.1816
A77: P27 | B77: 10 | C77: 6 | D77: 340 | E77: =C77*D77 -> 2040 | F77: =E77/100 -> 20.4 | G77: =(F77*0.63)*1.1 -> 14.1372
B78: 5 | C78: 1 | D78: 4263 | E78: =C78*D78 -> 4263 | F78: =E78/100 -> 42.63 | G78: =(F78*0.16)*1.1 -> 7.50288
A79: P28 | B79: 10 | C79: 8 | D79: 440 | E79: =C79*D79 -> 3520 | F79: =E79/100 -> 35.2 | G79: =(F79*0.63)*1.1 -> 24.3936
B80: 5 | C80: 1 | D80: 5336 | E80: =C80*D80 -> 5336 | F80: =E80/100 -> 53.36 | G80: =(F80*0.16)*1.1 -> 9.39136
A81: P29 | B81: 12.5 | C81: 4 | D81: 340 | E81: =C81*D81 -> 1360 | F81: =E81/100 -> 13.6 | G81: =(F81*1)*1.1 -> 14.96
B82: 10 | C82: 10 | D82: 440 | E82: =C82*D82 -> 4400 | F82: =E82/100 -> 44 | G82: =(F82*0.63)*1.1 -> 30.492
B83: 5 | C83: 1 | D83: 4292 | E83: =C83*D83 -> 4292 | F83: =E83/100 -> 42.92 | G83: =(F83*0.16)*1.1 -> 7.55392
A84: P30 | B84: 12.5 | C84: 8 | D84: 340 | E84: =C84*D84 -> 2720 | F84: =E84/100 -> 27.2 | G84: =(F84*1)*1.1 -> 29.92
B85: 10 | C85: 6 | D85: 340 | E85: =C85*D85 -> 2040 | F85: =E85/100 -> 20.4 | G85: =(F85*0.63)*1.1 -> 14.1372
B86: 5 | C86: 1 | D86: 7627 | E86: =C86*D86 -> 7627 | F86: =E86/100 -> 76.27 | G86: =(F86*0.16)*1.1 -> 13.42352
A87: P31 | B87: 12.5 | C87: 6 | D87: 340 | E87: =C87*D87 -> 2040 | F87: =E87/100 -> 20.4 | G87: =(F87*1)*1.1 -> 22.44
B88: 10 | C88: 2 | D88: 340 | E88: =C88*D88 -> 680 | F88: =E88/100 -> 6.8 | G88: =(F88*0.63)*1.1 -> 4.7124
B89: 5 | C89: 1 | D89: 4930 | E89: =C89*D89 -> 4930 | F89: =E89/100 -> 49.3 | G89: =(F89*0.16)*1.1 -> 8.6768
A90: P33 | B90: 12.5 | C90: 8 | D90: 440 | E90: =C90*D90 -> 3520 | F90: =E90/100 -> 35.2 | G90: =(F90*1)*1.1 -> 38.72
B91: 5 | C91: 1 | D91: 4370 | E91: =C91*D91 -> 4370 | F91: =E91/100 -> 43.7 | G91: =(F91*0.16)*1.1 -> 7.6912
A92: P35 | B92: 12.5 | C92: 6 | D92: 340 | E92: =C92*D92 -> 2040 | F92: =E92/100 -> 20.4 | G92: =(F92*1)*1.1 -> 22.44
B93: 10 | C93: 2 | D93: 440 | E93: =C93*D93 -> 880 | F93: =E93/100 -> 8.8 | G93: =(F93*0.63)*1.1 -> 6.0984
B94: 5 | C94: 1 | D94: 4350 | E94: =C94*D94 -> 4350 | F94: =E94/100 -> 43.5 | G94: =(F94*0.16)*1.1 -> 7.656
A95: P37 | B95: 12.5 | C95: 4 | D95: 340 | E95: =C95*D95 -> 1360 | F95: =E95/100 -> 13.6 | G95: =(F95*1)*1.1 -> 14.96
B96: 10 | C96: 10 | D96: 440 | E96: =C96*D96 -> 4400 | F96: =E96/100 -> 44 | G96: =(F96*0.63)*1.1 -> 30.492
B97: 5 | C97: 1 | D97: 4292 | E97: =C97*D97 -> 4292 | F97: =E97/100 -> 42.92 | G97: =(F97*0.16)*1.1 -> 7.55392
A99: RESUMO DO ACO | B99: PESO+10% Kg
A101: 4,0 a 7,0 mm | B101: =SUM(G97,G94,G91,G89,G86,G83,G80,G78,G76,G74,G71,G68,G66,G64,G62,G60,G58,G56,G54,G52,G50) -> 334.69216
A102: 6,3 a 10 mm | B102: =SUM(G96,G93,G88,G85,G82,G79,G77,G73,G70,G67,G65,G63,G61,G59,G57,G55,G53,G51,G49) -> 605.4048
A103: 12,5 a 25 mm | B103: =SUM(G95,,G92,G90,G87,G84,G81,G75,G72,G69) -> 256.08
